Workbook
Name Affaire: #REF!
Name catégorie_x: 'Base de données'!$B$3:$B$22
Name Catégories: 'Base de données'!$B$2:$K$2
Name Mensualité_prêt_1: #REF!
Name Mensualité_prêt_2: #REF!
Name Mensualité_prêt_3: #REF!
Name Mensualité_prêt_4: #REF!
Name Méthode_paiement: 'Base de données'!$N$3:$N$22
Name Mode_paiement: 'Base de données'!$M$3:$M$23
Name Montant_prêt_1: #REF!
Name Montant_prêt_2: #REF!
Name Montant_prêt_3: #REF!
Name Montant_prêt_4: #REF!
Name Premier_paiement_prêt_1: #REF!
Name Premier_paiement_prêt_2: #REF!
Name Premier_paiement_prêt_3: #REF!
Name Premier_paiement_prêt_4: #REF!
Name Résumé: Résultat!#REF!
Name SIG: Résultat!$I$1
Name Tableau_de_bord: Résultat!$O$1
Name Taux_intérêt_par_an_prêt_1: #REF!
Name Taux_intérêt_par_an_prêt_2: #REF!
Name Taux_intérêt_par_an_prêt_3: #REF!
Name Taux_intérêt_par_an_prêt_4: #REF!

Sheet Synthèse
C1: Tableaux de bord
C44: Nombre de nouveaux contacts | D44: Nombre de nouveaux devis en cours | E44: Nombre de devis refusés | F44: Nombre de ventes | G44: Taux de transformation | H44: Montant des ventes | I44: Chiffre d'affaire | J44: Panier moyen
A45: Total | C45: =SUM(C46:C63) -> 30 | D45: =SUM(D46:D63) -> 18 | E45: =SUM(E46:E63) -> 9 | F45: =SUM(F46:F63) -> 4 | G45: =F45/(E45+F45) -> 0.30769231 | H45: =SUM(H46:H63) -> 576000 | I45: =SUM(I46:I63) -> 639000 | J45: =H45/F45 -> 144000
A46: 2013 | B46: Janvier | C46: =SUMPRODUCT((MONTH(Clients!C$4:C$880)=MONTH(DATEVALUE("01 "&B46)))*(YEAR(Clients!C$4:C$880)=$A$46)*((Clients!G$4:G$880=1)+(Clients!G$4:G$880="-")+ISBLANK(Clients!G$4:G$880)))+SUMPRODUCT((MONTH(Clients!C$4:C$880)=12)*(YEAR(Clients!C$4:C$880)=2012)*((Clients!G$4:G$880=1)+(Clients!G$4:G$880="-")+ISBLANK(Clients!G$4:G$880))) -> 2 | D46: =SUMPRODUCT(ISNUMBER(SEARCH(MONTH(DATEVALUE("01 "&B46)),MONTH(Clients!D$4:D$880)))*ISNUMBER(SEARCH($A$46,YEAR(Clients!D$4:D$880)))) -> 3 | E46: =SUMPRODUCT((Clients!B$4:B$880="Ex-prospect")*(MONTH(Clients!C$4:C$880)=MONTH(DATEVALUE("01 "&B46)))*(YEAR(Clients!C$4:C$880)=$A$46))+SUMPRODUCT((Clients!B$4:B$880="Ex-prospect")*(MONTH(Clients!C$4:C$880)=12)*(YEAR(Clients!C$4:C$880)=2012)) -> 0 | F46: =SUMPRODUCT((Clients!B$4:B$880="Client")*(MONTH(Clients!C$4:C$880)=MONTH(DATEVALUE("01 "&B46)))*(YEAR(Clients!C$4:C$880)=$A$46))+SUMPRODUCT((Clients!B$4:B$880="Client")*(MONTH(Clients!C$4:C$880)=12)*(YEAR(Clients!C$4:C$880)=2012)) -> 1 | G46: =IF(ISNUMBER(F46/(E46+F46)),F46/(E46+F46),"-") -> 1 | H46: 15000 | I46: 10000 | J46: =H46/F46 -> 15000
B47: Février | C47: =SUMPRODUCT((MONTH(Clients!C$4:C$880)=MONTH(DATEVALUE("01 "&B47)))*(YEAR(Clients!C$4:C$880)=$A$46)*((Clients!G$4:G$880=1)+(Clients!G$4:G$880="-")+ISBLANK(Clients!G$4:G$880))) -> 1 | D47: =SUMPRODUCT(ISNUMBER(SEARCH(MONTH(DATEVALUE("01 "&B47)),MONTH(Clients!D$4:D$880)))*ISNUMBER(SEARCH($A$46,YEAR(Clients!D$4:D$880)))) -> 1 | E47: =SUMPRODUCT((Clients!B$4:B$880="Ex-prospect")*(MONTH(Clients!C$4:C$880)=MONTH(DATEVALUE("01 "&B47)))*(YEAR(Clients!C$4:C$880)=$A$46)) -> 1 | F47: =SUMPRODUCT((Clients!B$4:B$880="Client")*(MONTH(Clients!C$4:C$880)=MONTH(DATEVALUE("01 "&B47)))*(YEAR(Clients!C$4:C$880)=$A$46)) -> 0 | G47: =IF(ISNUMBER(F47/(E47+F47)),F47/(E47+F47),"-") -> 0 | H47: 17000 | I47: 13000 | J47: =H47/F47 -> #DIV/0!
B48: Mars | C48: =SUMPRODUCT((MONTH(Clients!C$4:C$880)=MONTH(DATEVALUE("01 "&B48)))*(YEAR(Clients!C$4:C$880)=$A$46)*((Clients!G$4:G$880=1)+(Clients!G$4:G$880="-")+ISBLANK(Clients!G$4:G$880))) -> 2 | D48: =SUMPRODUCT(ISNUMBER(SEARCH(MONTH(DATEVALUE("01 "&B48)),MONTH(Clients!D$4:D$880)))*ISNUMBER(SEARCH($A$46,YEAR(Clients!D$4:D$880)))) -> 0 | E48: =SUMPRODUCT((Clients!B$4:B$880="Ex-prospect")*(MONTH(Clients!C$4:C$880)=MONTH(DATEVALUE("01 "&B48)))*(YEAR(Clients!C$4:C$880)=$A$46)) -> 0 | F48: =SUMPRODUCT((Clients!B$4:B$880="Client")*(MONTH(Clients!C$4:C$880)=MONTH(DATEVALUE("01 "&B48)))*(YEAR(Clients!C$4:C$880)=$A$46)) -> 0 | G48: =IF(ISNUMBER(F48/(E48+F48)),F48/(E48+F48),"-") -> - | H48: 19000 | I48: 16000 | J48: =H48/F48 -> #DIV/0!
B49: Avril | C49: =SUMPRODUCT((MONTH(Clients!C$4:C$880)=MONTH(DATEVALUE("01 "&B49)))*(YEAR(Clients!C$4:C$880)=$A$46)*((Clients!G$4:G$880=1)+(Clients!G$4:G$880="-")+ISBLANK(Clients!G$4:G$880))) -> 4 | D49: =SUMPRODUCT(ISNUMBER(SEARCH(MONTH(DATEVALUE("01 "&B49)),MONTH(Clients!D$4:D$880)))*ISNUMBER(SEARCH($A$46,YEAR(Clients!D$4:D$880)))) -> 2 | E49: =SUMPRODUCT((Clients!B$4:B$880="Ex-prospect")*(MONTH(Clients!C$4:C$880)=MONTH(DATEVALUE("01 "&B49)))*(YEAR(Clients!C$4:C$880)=$A$46)) -> 3 | F49: =SUMPRODUCT((Clients!B$4:B$880="Client")*(MONTH(Clients!C$4:C$880)=MONTH(DATEVALUE("01 "&B49)))*(YEAR(Clients!C$4:C$880)=$A$46)) -> 0 | G49: =IF(ISNUMBER(F49/(E49+F49)),F49/(E49+F49),"-") -> 0 | H49: 21000 | I49: 19000 | J49: =H49/F49 -> #DIV/0!
B50: Mai | C50: =SUMPRODUCT((MONTH(Clients!C$4:C$880)=MONTH(DATEVALUE("01 "&B50)))*(YEAR(Clients!C$4:C$880)=$A$46)*((Clients!G$4:G$880=1)+(Clients!G$4:G$880="-")+ISBLANK(Clients!G$4:G$880))) -> 7 | D50: =SUMPRODUCT(ISNUMBER(SEARCH(MONTH(DATEVALUE("01 "&B50)),MONTH(Clients!D$4:D$880)))*ISNUMBER(SEARCH($A$46,YEAR(Clients!D$4:D$880)))) -> 2 | E50: =SUMPRODUCT((Clients!B$4:B$880="Ex-prospect")*(MONTH(Clients!C$4:C$880)=MONTH(DATEVALUE("01 "&B50)))*(YEAR(Clients!C$4:C$880)=$A$46)) -> 2 | F50: =SUMPRODUCT((Clients!B$4:B$880="Client")*(MONTH(Clients!C$4:C$880)=MONTH(DATEVALUE("01 "&B50)))*(YEAR(Clients!C$4:C$880)=$A$46)) -> 3 | G50: =IF(ISNUMBER(F50/(E50+F50)),F50/(E50+F50),"-") -> 0.6 | H50: 23000 | I50: 22000 | J50: =H50/F50 -> 7666.6667
B51: Juin | C51: =SUMPRODUCT((MONTH(Clients!C$4:C$880)=MONTH(DATEVALUE("01 "&B51)))*(YEAR(Clients!C$4:C$880)=$A$46)*((Clients!G$4:G$880=1)+(Clients!G$4:G$880="-")+ISBLANK(Clients!G$4:G$880))) -> 3 | D51: =SUMPRODUCT(ISNUMBER(SEARCH(MONTH(DATEVALUE("01 "&B51)),MONTH(Clients!D$4:D$880)))*ISNUMBER(SEARCH($A$46,YEAR(Clients!D$4:D$880)))) -> 5 | E51: =SUMPRODUCT((Clients!B$4:B$880="Ex-prospect")*(MONTH(Clients!C$4:C$880)=MONTH(DATEVALUE("01 "&B51)))*(YEAR(Clients!C$4:C$880)=$A$46)) -> 2 | F51: =SUMPRODUCT((Clients!B$4:B$880="Client")*(MONTH(Clients!C$4:C$880)=MONTH(DATEVALUE("01 "&B51)))*(YEAR(Clients!C$4:C$880)=$A$46)) -> 0 | G51: =IF(ISNUMBER(F51/(E51+F51)),F51/(E51+F51),"-") -> 0 | H51: 25000 | I51: 25000 | J51: =H51/F51 -> #DIV/0!
B52: Juillet | C52: =SUMPRODUCT((MONTH(Clients!C$4:C$880)=MONTH(DATEVALUE("01 "&B52)))*(YEAR(Clients!C$4:C$880)=$A$46)*((Clients!G$4:G$880=1)+(Clients!G$4:G$880="-")+ISBLANK(Clients!G$4:G$880))) -> 0 | D52: =SUMPRODUCT(ISNUMBER(SEARCH(MONTH(DATEVALUE("01 "&B52)),MONTH(Clients!D$4:D$880)))*ISNUMBER(SEARCH($A$46,YEAR(Clients!D$4:D$880)))) -> 1 | E52: =SUMPRODUCT((Clients!B$4:B$880="Ex-prospect")*(MONTH(Clients!C$4:C$880)=MONTH(DATEVALUE("01 "&B52)))*(YEAR(Clients!C$4:C$880)=$A$46)) -> 0 | F52: =SUMPRODUCT((Clients!B$4:B$880="Client")*(MONTH(Clients!C$4:C$880)=MONTH(DATEVALUE("01 "&B52)))*(YEAR(Clients!C$4:C$880)=$A$46)) -> 0 | G52: =IF(ISNUMBER(F52/(E52+F52)),F52/(E52+F52),"-") -> - | H52: 27000 | I52: 28000 | J52: =H52/F52 -> #DIV/0!
B53: Août | C53: =SUMPRODUCT((MONTH(Clients!C$4:C$880)=MONTH(DATEVALUE("01 "&B53)))*(YEAR(Clients!C$4:C$880)=$A$46)*((Clients!G$4:G$880=1)+(Clients!G$4:G$880="-")+ISBLANK(Clients!G$4:G$880))) -> 3 | D53: =SUMPRODUCT(ISNUMBER(SEARCH(MONTH(DATEVALUE("01 "&B53)),MONTH(Clients!D$4:D$880)))*ISNUMBER(SEARCH($A$46,YEAR(Clients!D$4:D$880)))) -> 0 | E53: =SUMPRODUCT((Clients!B$4:B$880="Ex-prospect")*(MONTH(Clients!C$4:C$880)=MONTH(DATEVALUE("01 "&B53)))*(YEAR(Clients!C$4:C$880)=$A$46)) -> 0 | F53: =SUMPRODUCT((Clients!B$4:B$880="Client")*(MONTH(Clients!C$4:C$880)=MONTH(DATEVALUE("01 "&B53)))*(YEAR(Clients!C$4:C$880)=$A$46)) -> 0 | G53: =IF(ISNUMBER(F53/(E53+F53)),F53/(E53+F53),"-") -> - | H53: 29000 | I53: 31000 | J53: =H53/F53 -> #DIV/0!
B54: Septembre | C54: =SUMPRODUCT((MONTH(Clients!C$4:C$880)=MONTH(DATEVALUE("01 "&B54)))*(YEAR(Clients!C$4:C$880)=$A$46)*((Clients!G$4:G$880=1)+(Clients!G$4:G$880="-")+ISBLANK(Clients!G$4:G$880))) -> 5 | D54: =SUMPRODUCT(ISNUMBER(SEARCH(MONTH(DATEVALUE("01 "&B54)),MONTH(Clients!D$4:D$880)))*ISNUMBER(SEARCH($A$46,YEAR(Clients!D$4:D$880)))) -> 0 | E54: =SUMPRODUCT((Clients!B$4:B$880="Ex-prospect")*(MONTH(Clients!C$4:C$880)=MONTH(DATEVALUE("01 "&B54)))*(YEAR(Clients!C$4:C$880)=$A$46)) -> 0 | F54: =SUMPRODUCT((Clients!B$4:B$880="Client")*(MONTH(Clients!C$4:C$880)=MONTH(DATEVALUE("01 "&B54)))*(YEAR(Clients!C$4:C$880)=$A$46)) -> 0 | G54: =IF(ISNUMBER(F54/(E54+F54)),F54/(E54+F54),"-") -> - | H54: 31000 | I54: 34000 | J54: =H54/F54 -> #DIV/0!
B55: Octobre | C55: =SUMPRODUCT((MONTH(Clients!C$4:C$880)=MONTH(DATEVALUE("01 "&B55)))*(YEAR(Clients!C$4:C$880)=$A$46)*((Clients!G$4:G$880=1)+(Clients!G$4:G$880="-")+ISBLANK(Clients!G$4:G$880))) -> 1 | D55: =SUMPRODUCT(ISNUMBER(SEARCH(MONTH(DATEVALUE("01 "&B55)),MONTH(Clients!D$4:D$880)))*ISNUMBER(SEARCH($A$46,YEAR(Clients!D$4:D$880)))) -> 2 | E55: =SUMPRODUCT((Clients!B$4:B$880="Ex-prospect")*(MONTH(Clients!C$4:C$880)=MONTH(DATEVALUE("01 "&B55)))*(YEAR(Clients!C$4:C$880)=$A$46)) -> 0 | F55: =SUMPRODUCT((Clients!B$4:B$880="Client")*(MONTH(Clients!C$4:C$880)=MONTH(DATEVALUE("01 "&B55)))*(YEAR(Clients!C$4:C$880)=$A$46)) -> 0 | G55: =IF(ISNUMBER(F55/(E55+F55)),F55/(E55+F55),"-") -> - | H55: 33000 | I55: 37000 | J55: =H55/F55 -> #DIV/0!
B56: Novembre | C56: =SUMPRODUCT((MONTH(Clients!C$4:C$880)=MONTH(DATEVALUE("01 "&B56)))*(YEAR(Clients!C$4:C$880)=$A$46)*((Clients!G$4:G$880=1)+(Clients!G$4:G$880="-")+ISBLANK(Clients!G$4:G$880))) -> 0 | D56: =SUMPRODUCT(ISNUMBER(SEARCH(MONTH(DATEVALUE("01 "&B56)),MONTH(Clients!D$4:D$880)))*ISNUMBER(SEARCH($A$46,YEAR(Clients!D$4:D$880)))) -> 0 | E56: =SUMPRODUCT((Clients!B$4:B$880="Ex-prospect")*(MONTH(Clients!C$4:C$880)=MONTH(DATEVALUE("01 "&B56)))*(YEAR(Clients!C$4:C$880)=$A$46)) -> 0 | F56: =SUMPRODUCT((Clients!B$4:B$880="Client")*(MONTH(Clients!C$4:C$880)=MONTH(DATEVALUE("01 "&B56)))*(YEAR(Clients!C$4:C$880)=$A$46)) -> 0 | G56: =IF(ISNUMBER(F56/(E56+F56)),F56/(E56+F56),"-") -> - | H56: 35000 | I56: 40000 | J56: =H56/F56 -> #DIV/0!
B57: Décembre | C57: =SUMPRODUCT((MONTH(Clients!C$4:C$880)=MONTH(DATEVALUE("01 "&B57)))*(YEAR(Clients!C$4:C$880)=$A$46)*((Clients!G$4:G$880=1)+(Clients!G$4:G$880="-")+ISBLANK(Clients!G$4:G$880))) -> 0 | D57: =SUMPRODUCT(ISNUMBER(SEARCH(MONTH(DATEVALUE("01 "&B57)),MONTH(Clients!D$4:D$880)))*ISNUMBER(SEARCH($A$46,YEAR(Clients!D$4:D$880)))) -> 0 | E57: =SUMPRODUCT((Clients!B$4:B$880="Ex-prospect")*(MONTH(Clients!C$4:C$880)=MONTH(DATEVALUE("01 "&B57)))*(YEAR(Clients!C$4:C$880)=$A$46)) -> 0 | F57: =SUMPRODUCT((Clients!B$4:B$880="Client")*(MONTH(Clients!C$4:C$880)=MONTH(DATEVALUE("01 "&B57)))*(YEAR(Clients!C$4:C$880)=$A$46)) -> 0 | G57: =IF(ISNUMBER(F57/(E57+F57)),F57/(E57+F57),"-") -> - | H57: 37000 | I57: 43000 | J57: =H57/F57 -> #DIV/0!
A58: 2014 | B58: Janvier | C58: =SUMPRODUCT((MONTH(Clients!C$4:C$880)=MONTH(DATEVALUE("01 "&B58)))*(YEAR(Clients!C$4:C$880)=$A$58)*((Clients!G$4:G$880=1)+(Clients!G$4:G$880="-")+ISBLANK(Clients!G$4:G$880))) -> 0 | D58: =SUMPRODUCT((ISNUMBER(SEARCH("prospect",Clients!B$4:B$880))+(Clients!B$4:B$880="Client"))*(MONTH(Clients!C$4:C$880)=MONTH(DATEVALUE("01 "&B58)))*(YEAR(Clients!C$4:C$880)=$A$58)) -> 0 | E58: =SUMPRODUCT((Clients!B$4:B$880="Ex-prospect")*(MONTH(Clients!C$4:C$880)=MONTH(DATEVALUE("01 "&B58)))*(YEAR(Clients!C$4:C$880)=$A$58)) -> 0 | F58: =SUMPRODUCT((Clients!B$4:B$880="Client")*(MONTH(Clients!C$4:C$880)=MONTH(DATEVALUE("01 "&B58)))*(YEAR(Clients!C$4:C$880)=$A$58)) -> 0 | G58: =IF(ISNUMBER(F58/(E58+F58)),F58/(E58+F58),"-") -> - | H58: 39000 | I58: 46000 | J58: =H58/F58 -> #DIV/0!
B59: Février | C59: =SUMPRODUCT((MONTH(Clients!C$4:C$880)=MONTH(DATEVALUE("01 "&B59)))*(YEAR(Clients!C$4:C$880)=$A$58)*((Clients!G$4:G$880=1)+(Clients!G$4:G$880="-")+ISBLANK(Clients!G$4:G$880))) -> 0 | D59: =SUMPRODUCT((ISNUMBER(SEARCH("prospect",Clients!B$4:B$880))+(Clients!B$4:B$880="Client"))*(MONTH(Clients!C$4:C$880)=MONTH(DATEVALUE("01 "&B59)))*(YEAR(Clients!C$4:C$880)=$A$58)) -> 0 | E59: =SUMPRODUCT((Clients!B$4:B$880="Ex-prospect")*(MONTH(Clients!C$4:C$880)=MONTH(DATEVALUE("01 "&B59)))*(YEAR(Clients!C$4:C$880)=$A$58)) -> 0 | F59: =SUMPRODUCT((Clients!B$4:B$880="Client")*(MONTH(Clients!C$4:C$880)=MONTH(DATEVALUE("01 "&B59)))*(YEAR(Clients!C$4:C$880)=$A$58)) -> 0 | G59: =IF(ISNUMBER(F59/(E59+F59)),F59/(E59+F59),"-") -> - | H59: 41000 | I59: 49000 | J59: =H59/F59 -> #DIV/0!
B60: Mars | C60: =SUMPRODUCT((MONTH(Clients!C$4:C$880)=MONTH(DATEVALUE("01 "&B60)))*(YEAR(Clients!C$4:C$880)=$A$58)*((Clients!G$4:G$880=1)+(Clients!G$4:G$880="-")+ISBLANK(Clients!G$4:G$880))) -> 0 | D60: =SUMPRODUCT((ISNUMBER(SEARCH("prospect",Clients!B$4:B$880))+(Clients!B$4:B$880="Client"))*(MONTH(Clients!C$4:C$880)=MONTH(DATEVALUE("01 "&B60)))*(YEAR(Clients!C$4:C$880)=$A$58)) -> 0 | E60: =SUMPRODUCT((Clients!B$4:B$880="Ex-prospect")*(MONTH(Clients!C$4:C$880)=MONTH(DATEVALUE("01 "&B60)))*(YEAR(Clients!C$4:C$880)=$A$58)) -> 0 | F60: =SUMPRODUCT((Clients!B$4:B$880="Client")*(MONTH(Clients!C$4:C$880)=MONTH(DATEVALUE("01 "&B60)))*(YEAR(Clients!C$4:C$880)=$A$58)) -> 0 | G60: =IF(ISNUMBER(F60/(E60+F60)),F60/(E60+F60),"-") -> - | H60: 43000 | I60: 52000 | J60: =H60/F60 -> #DIV/0!
B61: Avril | C61: =SUMPRODUCT((MONTH(Clients!C$4:C$880)=MONTH(DATEVALUE("01 "&B61)))*(YEAR(Clients!C$4:C$880)=$A$58)*((Clients!G$4:G$880=1)+(Clients!G$4:G$880="-")+ISBLANK(Clients!G$4:G$880))) -> 0 | D61: =SUMPRODUCT((ISNUMBER(SEARCH("prospect",Clients!B$4:B$880))+(Clients!B$4:B$880="Client"))*(MONTH(Clients!C$4:C$880)=MONTH(DATEVALUE("01 "&B61)))*(YEAR(Clients!C$4:C$880)=$A$58)) -> 0 | E61: =SUMPRODUCT((Clients!B$4:B$880="Ex-prospect")*(MONTH(Clients!C$4:C$880)=MONTH(DATEVALUE("01 "&B61)))*(YEAR(Clients!C$4:C$880)=$A$58)) -> 0 | F61: =SUMPRODUCT((Clients!B$4:B$880="Client")*(MONTH(Clients!C$4:C$880)=MONTH(DATEVALUE("01 "&B61)))*(YEAR(Clients!C$4:C$880)=$A$58)) -> 0 | G61: =IF(ISNUMBER(F61/(E61+F61)),F61/(E61+F61),"-") -> - | H61: 45000 | I61: 55000 | J61: =H61/F61 -> #DIV/0!
B62: Mai | C62: =SUMPRODUCT((MONTH(Clients!C$4:C$880)=MONTH(DATEVALUE("01 "&B62)))*(YEAR(Clients!C$4:C$880)=$A$58)*((Clients!G$4:G$880=1)+(Clients!G$4:G$880="-")+ISBLANK(Clients!G$4:G$880))) -> 2 | D62: =SUMPRODUCT((ISNUMBER(SEARCH("prospect",Clients!B$4:B$880))+(Clients!B$4:B$880="Client"))*(MONTH(Clients!C$4:C$880)=MONTH(DATEVALUE("01 "&B62)))*(YEAR(Clients!C$4:C$880)=$A$58)) -> 2 | E62: =SUMPRODUCT((Clients!B$4:B$880="Ex-prospect")*(MONTH(Clients!C$4:C$880)=MONTH(DATEVALUE("01 "&B62)))*(YEAR(Clients!C$4:C$880)=$A$58)) -> 1 | F62: =SUMPRODUCT((Clients!B$4:B$880="Client")*(MONTH(Clients!C$4:C$880)=MONTH(DATEVALUE("01 "&B62)))*(YEAR(Clients!C$4:C$880)=$A$58)) -> 0 | G62: =IF(ISNUMBER(F62/(E62+F62)),F62/(E62+F62),"-") -> 0 | H62: 47000 | I62: 58000 | J62: =H62/F62 -> #DIV/0!
B63: Juin | C63: =SUMPRODUCT((MONTH(Clients!C$4:C$880)=MONTH(DATEVALUE("01 "&B63)))*(YEAR(Clients!C$4:C$880)=$A$58)*((Clients!G$4:G$880=1)+(Clients!G$4:G$880="-")+ISBLANK(Clients!G$4:G$880))) -> 0 | D63: =SUMPRODUCT((ISNUMBER(SEARCH("prospect",Clients!B$4:B$880))+(Clients!B$4:B$880="Client"))*(MONTH(Clients!C$4:C$880)=MONTH(DATEVALUE("01 "&B63)))*(YEAR(Clients!C$4:C$880)=$A$58)) -> 0 | E63: =SUMPRODUCT((Clients!B$4:B$880="Ex-prospect")*(MONTH(Clients!C$4:C$880)=MONTH(DATEVALUE("01 "&B63)))*(YEAR(Clients!C$4:C$880)=$A$58)) -> 0 | F63: =SUMPRODUCT((Clients!B$4:B$880="Client")*(MONTH(Clients!C$4:C$880)=MONTH(DATEVALUE("01 "&B63)))*(YEAR(Clients!C$4:C$880)=$A$58)) -> 0 | G63: =IF(ISNUMBER(F63/(E63+F63)),F63/(E63+F63),"-") -> - | H63: 49000 | I63: 61000 | J63: =H63/F63 -> #DIV/0!

Sheet Clients
A1: Contact | B1: Statut / Nature du contact | C1: Dates | G1: Vente n° | H1: CA HT Hors Pose Hors Livraison | J1: Coûts | L1: Marge HT | M1: Taux de marge | O1: Manque : Seuil de rentabilité, Taux de marge du seuil de rentabilité
C2: 1er contact | D2: 1er RDV | E2: Dernier RDV / Vente | F2: Tri | H2: Ventes | I2: Achats (SAV inclus) | J2: Livraison | K2: SAV
A4: Xxxxx | B4: Ex-prospect | C4: 41328 | D4: 41328 | E4: 41337 | F4: =IF(OR(ISBLANK(E4),E4="-"),IF(OR(ISBLANK(D4),D4="-"),C4,D4),E4) -> 41337 | G4: -
A5: Xxxxxxxxx | B5: Contact | C5: 41339 | F5: =IF(OR(ISBLANK(E5),E5="-"),IF(OR(ISBLANK(D5),D5="-"),C5,D5),E5) -> 41339
A6: Client A | B6: Client | C6: 41260 | D6: 41283 | E6: 41342 | F6: =IF(OR(ISBLANK(E6),E6="-"),IF(OR(ISBLANK(D6),D6="-"),C6,D6),E6) -> 41342 | G6: 1 | H6: 16359 | I6: 9015.36 | J6: 225.75 | K6: 0 | L6: =H6-I6 -> 7343.64 | M6: =L6/H6 -> 0.44890519
A7: Xxxxxxxxx | B7: Ex-suspect | C7: 41361 | D7: - | E7: - | F7: =IF(OR(ISBLANK(E7),E7="-"),IF(OR(ISBLANK(D7),D7="-"),C7,D7),E7) -> 41361 | G7: -
A8: Xxxxxxxxx | B8: Ex-suspect | C8: 41373 | D8: - | E8: - | F8: =IF(OR(ISBLANK(E8),E8="-"),IF(OR(ISBLANK(D8),D8="-"),C8,D8),E8) -> 41373 | G8: -
A9: Xxxxxxxxx | B9: Ex-prospect | C9: 41386 | D9: 41386 | E9: 41386 | F9: =IF(OR(ISBLANK(E9),E9="-"),IF(OR(ISBLANK(D9),D9="-"),C9,D9),E9) -> 41386 | G9: -
A10: Cuisine expo 2013 | B10: Expo | C10: 41260 | D10: 41260 | E10: 41397 | F10: =IF(OR(ISBLANK(E10),E10="-"),IF(OR(ISBLANK(D10),D10="-"),C10,D10),E10) -> 41397 | G10: 1 | H10: 0 | I10: 4136.23 | J10: 225.75 | L10: =H10-I10 -> -4136.23 | M10: =L10/H10 -> #DIV/0!
A11: Xxxxxxxxx | B11: Ex-prospect | C11: 41389 | D11: 41398 | E11: 41398 | F11: =IF(OR(ISBLANK(E11),E11="-"),IF(OR(ISBLANK(D11),D11="-"),C11,D11),E11) -> 41398 | G11: -
A12: Xxxxxxxxx | B12: Ex-prospect | C12: 41377 | D12: 41382 | E12: 41408 | F12: =IF(OR(ISBLANK(E12),E12="-"),IF(OR(ISBLANK(D12),D12="-"),C12,D12),E12) -> 41408 | G12: -
A13: Xxxxxxxxx | B13: Contact | C13: 41412 | F13: =IF(OR(ISBLANK(E13),E13="-"),IF(OR(ISBLANK(D13),D13="-"),C13,D13),E13) -> 41412
A14: Xxxxxxxxx | B14: Contact | C14: 41416 | F14: =IF(OR(ISBLANK(E14),E14="-"),IF(OR(ISBLANK(D14),D14="-"),C14,D14),E14) -> 41416
A15: Xxxxxxxxx | B15: Ex-suspect | C15: 41428 | D15: - | E15: - | F15: =IF(OR(ISBLANK(E15),E15="-"),IF(OR(ISBLANK(D15),D15="-"),C15,D15),E15) -> 41428 | G15: -
A16: Xxxxxxxxx | B16: Ex-prospect | C16: 41412 | D16: 41430 | E16: 41430 | F16: =IF(OR(ISBLANK(E16),E16="-"),IF(OR(ISBLANK(D16),D16="-"),C16,D16),E16) -> 41430 | G16: -
A17: Xxxxxxxxx | B17: Ex-prospect | C17: 41429 | D17: 41430 | E17: 41430 | F17: =IF(OR(ISBLANK(E17),E17="-"),IF(OR(ISBLANK(D17),D17="-"),C17,D17),E17) -> 41430 | G17: -
A18: Xxxxxxxxx | B18: Ex-prospect | C18: 41412 | D18: 41431 | E18: 41431 | F18: =IF(OR(ISBLANK(E18),E18="-"),IF(OR(ISBLANK(D18),D18="-"),C18,D18),E18) -> 41431 | G18: -
A19: Client B | B19: Client | C19: 41412 | D19: 41418 | E19: 41449 | F19: =IF(OR(ISBLANK(E19),E19="-"),IF(OR(ISBLANK(D19),D19="-"),C19,D19),E19) -> 41449 | G19: 1 | H19: 3642 | I19: 1236.12 | J19: 225.75 | L19: =H19-I19 -> 2405.88 | M19: =L19/H19 -> 0.66059308
A20: Client C | B20: Client | C20: 41412 | D20: 41426 | E20: 41459 | F20: =IF(OR(ISBLANK(E20),E20="-"),IF(OR(ISBLANK(D20),D20="-"),C20,D20),E20) -> 41459 | G20: 1 | H20: 23612.36 | I20: 15364 | J20: 225.75 | K20: 236.4 | L20: =H20-I20 -> 8248.36 | M20: =L20/H20 -> 0.34932383
A21: Client A | B21: Client | C21: 41424 | D21: 41437 | E21: 41465 | F21: =IF(OR(ISBLANK(E21),E21="-"),IF(OR(ISBLANK(D21),D21="-"),C21,D21),E21) -> 41465 | G21: 2 | H21: 230.3 | I21: 123.12 | J21: 225.75 | L21: =H21-I21 -> 107.18 | M21: =L21/H21 -> 0.46539297
A22: Xxxxxxxxx | B22: Contact | C22: 41492 | F22: =IF(OR(ISBLANK(E22),E22="-"),IF(OR(ISBLANK(D22),D22="-"),C22,D22),E22) -> 41492
A23: Xxxxxxxxx | B23: Contact | C23: 41503 | F23: =IF(OR(ISBLANK(E23),E23="-"),IF(OR(ISBLANK(D23),D23="-"),C23,D23),E23) -> 41503
A24: Xxxxxxxxx | B24: Contact | C24: 41507 | F24: =IF(OR(ISBLANK(E24),E24="-"),IF(OR(ISBLANK(D24),D24="-"),C24,D24),E24) -> 41507
A25: Xxxxxxxxx | B25: Ex-prospect | C25: 41453 | D25: 41464 | E25: 41521 | F25: =IF(OR(ISBLANK(E25),E25="-"),IF(OR(ISBLANK(D25),D25="-"),C25,D25),E25) -> 41521 | G25: -
A26: Xxxxxxxxx | B26: Ex-suspect | C26: 41529 | D26: - | E26: - | F26: =IF(OR(ISBLANK(E26),E26="-"),IF(OR(ISBLANK(D26),D26="-"),C26,D26),E26) -> 41529 | G26: -
A27: Xxxxxxxxx | B27: Contact | C27: 41529 | F27: =IF(OR(ISBLANK(E27),E27="-"),IF(OR(ISBLANK(D27),D27="-"),C27,D27),E27) -> 41529
A28: Xxxxxxxxx | B28: Suspect | F28: =IF(OR(ISBLANK(E28),E28="-"),IF(OR(ISBLANK(D28),D28="-"),C28,D28),E28) -> 0
A29: Xxxxxxxxx | B29: Contact | C29: 41529 | F29: =IF(OR(ISBLANK(E29),E29="-"),IF(OR(ISBLANK(D29),D29="-"),C29,D29),E29) -> 41529
A30: Xxxxxxxxx | B30: Contact | C30: 41529 | F30: =IF(OR(ISBLANK(E30),E30="-"),IF(OR(ISBLANK(D30),D30="-"),C30,D30),E30) -> 41529
A31: Xxxxxxxxx | B31: Prospect | C31: 41554 | D31: 41565 | F31: =IF(OR(ISBLANK(E31),E31="-"),IF(OR(ISBLANK(D31),D31="-"),C31,D31),E31) -> 41565
A32: Xxxxxxxxx | B32: Prospect | C32: 41540 | D32: 41566 | F32: =IF(OR(ISBLANK(E32),E32="-"),IF(OR(ISBLANK(D32),D32="-"),C32,D32),E32) -> 41566
A33: Xxxxxxxxx | B33: Prospect | C33: 41763 | D33: 41800 | F33: =IF(OR(ISBLANK(E33),E33="-"),IF(OR(ISBLANK(D33),D33="-"),C33,D33),E33) -> 41800
A34: Xxxxxxxxx | B34: Prospect | C34: 41821 | D34: 41823 | F34: =IF(OR(ISBLANK(E34),E34="-"),IF(OR(ISBLANK(D34),D34="-"),C34,D34),E34) -> 41823
A35: Xxxxxxxxx | B35: Ex-prospect | C35: 41763 | D35: 41790 | E35: 41830 | F35: =IF(OR(ISBLANK(E35),E35="-"),IF(OR(ISBLANK(D35),D35="-"),C35,D35),E35) -> 41830 | G35: -
A36: Xxxxxxxxx | B36: Ex-suspect | C36: 41844 | D36: - | E36: - | F36: =IF(OR(ISBLANK(E36),E36="-"),IF(OR(ISBLANK(D36),D36="-"),C36,D36),E36) -> 41844 | G36: -
A37: Xxxxxxxxx | B37: Suspect | C37: 41846 | F37: =IF(OR(ISBLANK(E37),E37="-"),IF(OR(ISBLANK(D37),D37="-"),C37,D37),E37) -> 41846
A38: Xxxxxxxxx | B38: Prospect | C38: 41422 | D38: 41859 | F38: =IF(OR(ISBLANK(E38),E38="-"),IF(OR(ISBLANK(D38),D38="-"),C38,D38),E38) -> 41859

Sheet Trésorerie
A1: Solde général | C1: Comptes actuels | D1: Opérations à venir | E1: Soldes réels | X1: Solde de TVA
A2: Société Générale | C2: =SUMIF($H$7:$H$24,A2,$AJ$7:$AJ$24) -> 73.188863 | D2: =SUMIF($I$7:$I$24,A2,$AJ$7:$AJ$24) -> 0 | E2: =C2+D2 -> 73.188863 | X2: =-SUM(AI9:AI24) -> -1429.4311 | AF2: Ajouter dans détail "Commande client" pour chaque fournisseur, et "Acompte client (soldé) / (non soldé)" et "Solde client" pour chaque client
A3: Banque perso | C3: =SUMIF($H$7:$H$24,A3,$AJ$7:$AJ$24) -> 8000 | D3: =SUMIF($I$7:$I$24,A3,$AJ$7:$AJ$24) -> 0 | E3: =C3+D3 -> 8000 | X3: Virement de 2500 € le 23/02/2013 | AA3: Montant des acomptes non slodés : | AF3: Ajouter la gestion des avances et acomptes clients
A4: TOTAL | C4: =SUM(C2:C3) -> 8073.1889 | D4: =SUM(D2:D3) -> 0 | E4: =SUM(E2:E3) -> 8073.1889
A5: Date de paiement | B5: Date prélèvement prévue | C5: Date prélèvement effectif | D5: Compte | X5: Objet | AB5: Référence bancaire | AC5: Paiement | AE5: Tiers | AF5: Montant - détails | AH5: Total HT | AI5: Montant TVA | AJ5: Montant - total | AK5: Solde général
D6: Propriétaire compte | E6: Compte | F6: Mois | G6: Année | H6: Compte - validé | I6: Compte - à venir | J6: CCP La Poste | L6: Livret A La Poste | N6: Société Générale | P6: Livret CIAL | R6: Crédit auto CIAL | T6: Compte commun CIAL | V6: Crédit mariage CIAL | X6: Catégorie | Y6: Sous-catégorie | Z6: Détails de l'opération | AA6: Numéro de facture | AC6: Mode de paiement | AD6: Méthode | AF6: Débit | AG6: Crédit | AK6: Banque pro | AL6: Banque perso
F7: X | G7: X | H7: X | I7: X
AK8: =IF($E8=AK$6,$AJ8,0)+OFFSET($AJ8,1,COLUMN(AK8)-COLUMN($AK$6)+1) -> 1557.73 | AL8: =IF($E8=AL$6,$AJ8,0)+OFFSET($AJ8,1,COLUMN(AL8)-COLUMN($AK$6)+1) -> 8000
A9: =C9 -> 41708 | B9: 41708 | C9: 41708 | D9: Société | E9: Banque pro | F9: =IF(ISNUMBER(A9),MONTH(A9),IF(ISNUMBER(C9),MONTH(C9),0)) -> 3 | G9: =IF(ISNUMBER(A9),YEAR(A9),IF(ISNUMBER(C9),YEAR(C9),0)) -> 2014 | H9: =IF(C9>0,E9,) -> Banque pro | I9: =IF(C9>0,,E9) -> 0 | J9: =IF(OR($H9=J$5,$I9=J$5),1,0) -> 1 | K9: =J9*($AF9+$AG9) -> -216.67 | L9: =IF(OR($H9=L$5,$I9=L$5),1,0) -> 1 | M9: =L9*($AF9+$AG9) -> -216.67 | N9: =IF(OR($H9=N$5,$I9=N$5),1,0) -> 1 | O9: =N9*($AF9+$AG9) -> -216.67 | P9: =IF(OR($H9=P$5,$I9=P$5),1,0) -> 1 | Q9: =P9*($AF9+$AG9) -> -216.67 | R9: =IF(OR($H9=R$5,$I9=R$5),1,0) -> 1 | S9: =R9*($AF9+$AG9) -> -216.67 | T9: =IF(OR($H9=T$5,$I9=T$5),1,0) -> 1 | U9: =T9*($AF9+$AG9) -> -216.67 | V9: =IF(OR($H9=V$5,$I9=V$5),1,0) -> 1 | W9: =V9*($AF9+$AG9) -> -216.67 | X9: Autres frais | Y9: Honoraires | Z9: Honoraires (experts comptables/juridiques) | AA9: FE56-564 | AB9: XXXXXX | AC9: Prélèvement | AD9: Automatique | AE9: YYYY | AF9: -216.67 | AH9: =SUM(AF9:AG9) -> -216.67 | AI9: -43.33 | AJ9: =SUM(AH9:AI9) -> -260 | AK9: =IF($E9=AK$6,$AJ9,0)+OFFSET($AJ9,1,COLUMN(AK9)-COLUMN($AK$6)+1) -> 1557.73 | AL9: =IF($E9=AL$6,$AJ9,0)+OFFSET($AJ9,1,COLUMN(AL9)-COLUMN($AK$6)+1) -> 8000
A10: =C10 -> 41799 | B10: 41799 | C10: 41799 | D10: CHRN | E10: Société Générale | F10: =IF(ISNUMBER(A10),MONTH(A10),IF(ISNUMBER(C10),MONTH(C10),0)) -> 6 | G10: =IF(ISNUMBER(A10),YEAR(A10),IF(ISNUMBER(C10),YEAR(C10),0)) -> 2014 | H10: =IF(C10>0,E10,) -> Société Générale | I10: =IF(C10>0,,E10) -> 0 | J10: =IF(OR($H10=J$8,$I10=J$8),1,0) -> 1 | K10: =J10*($AF10+$AG10) -> -187.25 | L10: =IF(OR($H10=L$8,$I10=L$8),1,0) -> 1 | M10: =L10*($AF10+$AG10) -> -187.25 | N10: =IF(OR($H10=N$8,$I10=N$8),1,0) -> 1 | O10: =N10*($AF10+$AG10) -> -187.25 | P10: =IF(OR($H10=P$8,$I10=P$8),1,0) -> 1 | Q10: =P10*($AF10+$AG10) -> -187.25 | R10: =IF(OR($H10=R$8,$I10=R$8),1,0) -> 1 | S10: =R10*($AF10+$AG10) -> -187.25 | T10: =IF(OR($H10=T$8,$I10=T$8),1,0) -> 1 | U10: =T10*($AF10+$AG10) -> -187.25 | V10: =IF(OR($H10=V$8,$I10=V$8),1,0) -> 1 | W10: =V10*($AF10+$AG10) -> -187.25 | X10: Affaires | Y10: Fournisseur | Z10: Commande client - Client Aaaa | AA10: sfz698-874 | AC10: LCR | AD10: Automatique | AE10: Fournisseur Bbbb | AF10: -187.25 | AH10: =SUM(AF10:AG10) -> -187.25 | AI10: -37.45 | AJ10: =SUM(AH10:AI10) -> -224.7 | AK10: =IF($E10=AK$6,$AJ10,0)+OFFSET($AJ10,1,COLUMN(AK10)-COLUMN($AK$6)+1) -> 1817.73 | AL10: =IF($E10=AL$6,$AJ10,0)+OFFSET($AJ10,1,COLUMN(AL10)-COLUMN($AK$6)+1) -> 8000
A11: 41795 | B11: 41795 | C11: 41795 | D11: CHRN | E11: Société Générale | F11: =IF(ISNUMBER(A11),MONTH(A11),IF(ISNUMBER(C11),MONTH(C11),0)) -> 6 | G11: =IF(ISNUMBER(A11),YEAR(A11),IF(ISNUMBER(C11),YEAR(C11),0)) -> 2014 | H11: =IF(C11>0,E11,) -> Société Générale | I11: =IF(C11>0,,E11) -> 0 | J11: =IF(OR($H11=J$8,$I11=J$8),1,0) -> 1 | K11: =J11*($AG11+$AH11) -> 1519.8411 | L11: =IF(OR($H11=L$8,$I11=L$8),1,0) -> 1 | M11: =L11*($AG11+$AH11) -> 1519.8411 | N11: =IF(OR($H11=N$8,$I11=N$8),1,0) -> 1 | O11: =N11*($AG11+$AH11) -> 1519.8411 | P11: =IF(OR($H11=P$8,$I11=P$8),1,0) -> 1 | Q11: =P11*($AG11+$AH11) -> 1519.8411 | R11: =IF(OR($H11=R$8,$I11=R$8),1,0) -> 1 | S11: =R11*($AG11+$AH11) -> 1519.8411 | T11: =IF(OR($H11=T$8,$I11=T$8),1,0) -> 1 | U11: =T11*($AG11+$AH11) -> 1519.8411 | V11: =IF(OR($H11=V$8,$I11=V$8),1,0) -> 1 | W11: =V11*($AG11+$AH11) -> 1519.8411 | X11: Affaires | Y11: Client | Z11: Achat client (soldé) - Client Aaaa | AA11: AZ965-654 | AC11: Chèque | AD11: Caisse - Guichet | AE11: Client Aaaa | AF11: Boersch (67) | AH11: =AK11/1.196 -> 1519.8411 | AI11: =SUM(AG11:AH11) -> 1519.8411 | AJ11: =AK11-AH11 -> 297.88886 | AK11: =IF($E11=AK$6,$AJ11,0)+OFFSET($AJ11,1,COLUMN(AK11)-COLUMN($AK$6)+1) -> 1817.73 | AL11: =IF($E11=AL$6,$AJ11,0)+OFFSET($AJ11,1,COLUMN(AL11)-COLUMN($AK$6)+1) -> 8000
A12: 41691 | B12: 41691 | C12: 41694 | D12: Société | E12: Banque pro | F12: =IF(ISNUMBER(A12),MONTH(A12),IF(ISNUMBER(C12),MONTH(C12),0)) -> 2 | G12: =IF(ISNUMBER(A12),YEAR(A12),IF(ISNUMBER(C12),YEAR(C12),0)) -> 2014 | H12: =IF(C12>0,E12,) -> Banque pro | I12: =IF(C12>0,,E12) -> 0 | J12: =IF(OR($H12=J$6,$I12=J$6),1,0) -> 0 | K12: =J12*($AF12+$AG12) -> 0 | L12: =IF(OR($H12=L$6,$I12=L$6),1,0) -> 0 | M12: =L12*($AF12+$AG12) -> 0 | N12: =IF(OR($H12=N$6,$I12=N$6),1,0) -> 0 | O12: =N12*($AF12+$AG12) -> 0 | P12: =IF(OR($H12=P$6,$I12=P$6),1,0) -> 0 | Q12: =P12*($AF12+$AG12) -> 0 | R12: =IF(OR($H12=R$6,$I12=R$6),1,0) -> 0 | S12: =R12*($AF12+$AG12) -> 0 | T12: =IF(OR($H12=T$6,$I12=T$6),1,0) -> 0 | U12: =T12*($AF12+$AG12) -> 0 | V12: =IF(OR($H12=V$6,$I12=V$6),1,0) -> 0 | W12: =V12*($AF12+$AG12) -> 0 | X12: Autres frais | Y12: Frais de déplacement | Z12: Hôtel XXX (Petit déjeuner d'affaire) | AA12: 20145632 | AB12: XXXXXX | AC12: CB | AD12: Caisse - Guichet | AE12: Hôtel XXXX | AF12: =-(8.18+0.83) -> -9.01 | AH12: =SUM(AF12:AG12) -> -9.01 | AI12: =-(0.82+0.17) -> -0.99 | AJ12: =SUM(AH12:AI12) -> -10 | AK12: =IF($E12=AK$6,$AJ12,0)+OFFSET($AJ12,1,COLUMN(AK12)-COLUMN($AK$6)+1) -> 1817.73 | AL12: =IF($E12=AL$6,$AJ12,0)+OFFSET($AJ12,1,COLUMN(AL12)-COLUMN($AK$6)+1) -> 8000
A13: =C13 -> 41690 | B13: 41689 | C13: 41690 | D13: Société | E13: Banque pro | F13: =IF(ISNUMBER(A13),MONTH(A13),IF(ISNUMBER(C13),MONTH(C13),0)) -> 2 | G13: =IF(ISNUMBER(A13),YEAR(A13),IF(ISNUMBER(C13),YEAR(C13),0)) -> 2014 | H13: =IF(C13>0,E13,) -> Banque pro | I13: =IF(C13>0,,E13) -> 0 | J13: =IF(OR($H13=J$5,$I13=J$5),1,0) -> 1 | K13: =J13*($AF13+$AG13) -> -25.78 | L13: =IF(OR($H13=L$5,$I13=L$5),1,0) -> 1 | M13: =L13*($AF13+$AG13) -> -25.78 | N13: =IF(OR($H13=N$5,$I13=N$5),1,0) -> 1 | O13: =N13*($AF13+$AG13) -> -25.78 | P13: =IF(OR($H13=P$5,$I13=P$5),1,0) -> 1 | Q13: =P13*($AF13+$AG13) -> -25.78 | R13: =IF(OR($H13=R$5,$I13=R$5),1,0) -> 1 | S13: =R13*($AF13+$AG13) -> -25.78 | T13: =IF(OR($H13=T$5,$I13=T$5),1,0) -> 1 | U13: =T13*($AF13+$AG13) -> -25.78 | V13: =IF(OR($H13=V$5,$I13=V$5),1,0) -> 1 | W13: =V13*($AF13+$AG13) -> -25.78 | X13: Opérations bancaires | Y13: Frais | Z13: Cotisation compte pro (part non taxée) | AA13: 65dd9264 | AB13: XXXXXX | AC13: Prélèvement | AD13: Automatique | AE13: Banque pro | AF13: -25.78 | AH13: =SUM(AF13:AG14) -> -34 | AI13: 0 | AJ13: =SUM(AH13:AI14) -> -35.64 | AK13: =IF($E13=AK$6,$AJ13,0)+OFFSET($AJ13,1,COLUMN(AK13)-COLUMN($AK$6)+1) -> 1827.73 | AL13: =IF($E13=AL$6,$AJ13,0)+OFFSET($AJ13,1,COLUMN(AL13)-COLUMN($AK$6)+1) -> 8000
A14: =C14 -> 41690 | B14: 41689 | C14: 41690 | D14: Société | E14: Banque pro | F14: =IF(ISNUMBER(A14),MONTH(A14),IF(ISNUMBER(C14),MONTH(C14),0)) -> 2 | G14: =IF(ISNUMBER(A14),YEAR(A14),IF(ISNUMBER(C14),YEAR(C14),0)) -> 2014 | H14: =IF(C14>0,E14,) -> Banque pro | I14: =IF(C14>0,,E14) -> 0 | J14: =IF(OR($H14=J$5,$I14=J$5),1,0) -> 1 | K14: =J14*($AF14+$AG14) -> -8.22 | L14: =IF(OR($H14=L$5,$I14=L$5),1,0) -> 1 | M14: =L14*($AF14+$AG14) -> -8.22 | N14: =IF(OR($H14=N$5,$I14=N$5),1,0) -> 1 | O14: =N14*($AF14+$AG14) -> -8.22 | P14: =IF(OR($H14=P$5,$I14=P$5),1,0) -> 1 | Q14: =P14*($AF14+$AG14) -> -8.22 | R14: =IF(OR($H14=R$5,$I14=R$5),1,0) -> 1 | S14: =R14*($AF14+$AG14) -> -8.22 | T14: =IF(OR($H14=T$5,$I14=T$5),1,0) -> 1 | U14: =T14*($AF14+$AG14) -> -8.22 | V14: =IF(OR($H14=V$5,$I14=V$5),1,0) -> 1 | W14: =V14*($AF14+$AG14) -> -8.22 | X14: Opérations bancaires | Y14: Frais | Z14: Cotisation compte pro (part taxée à 20%) | AB14: XXXXXX | AC14: Prélèvement | AD14: Automatique | AE14: Banque pro | AF14: -8.22 | AI14: -1.64 | AK14: =IF($E14=AK$6,$AJ14,0)+OFFSET($AJ14,1,COLUMN(AK14)-COLUMN($AK$6)+1) -> 1863.37 | AL14: =IF($E14=AL$6,$AJ14,0)+OFFSET($AJ14,1,COLUMN(AL14)-COLUMN($AK$6)+1) -> 8000
A15: =C15 -> 41687 | B15: 41687 | C15: 41687 | D15: Société | E15: Banque pro | F15: =IF(ISNUMBER(A15),MONTH(A15),IF(ISNUMBER(C15),MONTH(C15),0)) -> 2 | G15: =IF(ISNUMBER(A15),YEAR(A15),IF(ISNUMBER(C15),YEAR(C15),0)) -> 2014 | H15: =IF(C15>0,E15,) -> Banque pro | I15: =IF(C15>0,,E15) -> 0 | J15: =IF(OR($H15=J$5,$I15=J$5),1,0) -> 1 | K15: =J15*($AF15+$AG15) -> -38 | L15: =IF(OR($H15=L$5,$I15=L$5),1,0) -> 1 | M15: =L15*($AF15+$AG15) -> -38 | N15: =IF(OR($H15=N$5,$I15=N$5),1,0) -> 1 | O15: =N15*($AF15+$AG15) -> -38 | P15: =IF(OR($H15=P$5,$I15=P$5),1,0) -> 1 | Q15: =P15*($AF15+$AG15) -> -38 | R15: =IF(OR($H15=R$5,$I15=R$5),1,0) -> 1 | S15: =R15*($AF15+$AG15) -> -38 | T15: =IF(OR($H15=T$5,$I15=T$5),1,0) -> 1 | U15: =T15*($AF15+$AG15) -> -38 | V15: =IF(OR($H15=V$5,$I15=V$5),1,0) -> 1 | W15: =V15*($AF15+$AG15) -> -38 | X15: Impôts et taxes | Y15: Autres | Z15: Contribution Economique Territoriale (CET) - Taxe CFE (Cotisation Foncière des Entreprises) | AA15: 698436 | AB15: XXXXXX | AC15: Prélèvement | AD15: Automatique | AE15: Trésor Public | AF15: -38 | AH15: =SUM(AF15:AG15) -> -38 | AI15: 0 | AJ15: =SUM(AH15:AI15) -> -38 | AK15: =IF($E15=AK$6,$AJ15,0)+OFFSET($AJ15,1,COLUMN(AK15)-COLUMN($AK$6)+1) -> 1863.37 | AL15: =IF($E15=AL$6,$AJ15,0)+OFFSET($AJ15,1,COLUMN(AL15)-COLUMN($AK$6)+1) -> 8000
A16: =C16 -> 41687 | B16: 41680 | C16: 41687 | D16: Société | E16: Banque pro | F16: =IF(ISNUMBER(A16),MONTH(A16),IF(ISNUMBER(C16),MONTH(C16),0)) -> 2 | G16: =IF(ISNUMBER(A16),YEAR(A16),IF(ISNUMBER(C16),YEAR(C16),0)) -> 2014 | H16: =IF(C16>0,E16,) -> Banque pro | I16: =IF(C16>0,,E16) -> 0 | J16: =IF(OR($H16=J$5,$I16=J$5),1,0) -> 1 | K16: =J16*($AF16+$AG16) -> -35 | L16: =IF(OR($H16=L$5,$I16=L$5),1,0) -> 1 | M16: =L16*($AF16+$AG16) -> -35 | N16: =IF(OR($H16=N$5,$I16=N$5),1,0) -> 1 | O16: =N16*($AF16+$AG16) -> -35 | P16: =IF(OR($H16=P$5,$I16=P$5),1,0) -> 1 | Q16: =P16*($AF16+$AG16) -> -35 | R16: =IF(OR($H16=R$5,$I16=R$5),1,0) -> 1 | S16: =R16*($AF16+$AG16) -> -35 | T16: =IF(OR($H16=T$5,$I16=T$5),1,0) -> 1 | U16: =T16*($AF16+$AG16) -> -35 | V16: =IF(OR($H16=V$5,$I16=V$5),1,0) -> 1 | W16: =V16*($AF16+$AG16) -> -35 | X16: Local pro | Y16: Maintenance info. | Z16: Maintenance PC (Sauvegarde mensuelle du poste informatique + Assistance infogérance) | AA16: 2539569-62 | AB16: XXXXXX | AC16: Prélèvement | AD16: Automatique | AE16: XXXX | AF16: -35 | AH16: =SUM(AF16:AG16) -> -35 | AI16: -7 | AJ16: =SUM(AH16:AI16) -> -42 | AK16: =IF($E16=AK$6,$AJ16,0)+OFFSET($AJ16,1,COLUMN(AK16)-COLUMN($AK$6)+1) -> 1901.37 | AL16: =IF($E16=AL$6,$AJ16,0)+OFFSET($AJ16,1,COLUMN(AL16)-COLUMN($AK$6)+1) -> 8000
A17: 41283 | B17: 41283 | C17: 41283 | D17: Société | E17: Banque pro | F17: =IF(ISNUMBER(A17),MONTH(A17),IF(ISNUMBER(C17),MONTH(C17),0)) -> 1 | G17: =IF(ISNUMBER(A17),YEAR(A17),IF(ISNUMBER(C17),YEAR(C17),0)) -> 2013 | H17: =IF(C17>0,E17,) -> Banque pro | I17: =IF(C17>0,,E17) -> 0 | J17: =IF(OR($H17=J$6,$I17=J$6),1,0) -> 0 | K17: =J17*($AF17+$AG17) -> 0 | L17: =IF(OR($H17=L$6,$I17=L$6),1,0) -> 0 | M17: =L17*($AF17+$AG17) -> 0 | N17: =IF(OR($H17=N$6,$I17=N$6),1,0) -> 0 | O17: =N17*($AF17+$AG17) -> 0 | P17: =IF(OR($H17=P$6,$I17=P$6),1,0) -> 0 | Q17: =P17*($AF17+$AG17) -> 0 | R17: =IF(OR($H17=R$6,$I17=R$6),1,0) -> 0 | S17: =R17*($AF17+$AG17) -> 0 | T17: =IF(OR($H17=T$6,$I17=T$6),1,0) -> 0 | U17: =T17*($AF17+$AG17) -> 0 | V17: =IF(OR($H17=V$6,$I17=V$6),1,0) -> 0 | W17: =V17*($AF17+$AG17) -> 0 | X17: Opérations bancaires | Y17: Apport capital | Z17: Déblocage du capital | AA17: - | AB17: XXXXXX | AC17: Virement | AD17: Banque | AE17: Banque pro | AG17: 2000 | AH17: =SUM(AF17:AG17) -> 2000 | AI17: 0 | AJ17: =SUM(AH17:AI17) -> 2000 | AK17: =IF($E17=AK$6,$AJ17,0)+OFFSET($AJ17,1,COLUMN(AK17)-COLUMN($AK$6)+1) -> 1943.37 | AL17: =IF($E17=AL$6,$AJ17,0)+OFFSET($AJ17,1,COLUMN(AL17)-COLUMN($AK$6)+1) -> 8000
A18: 41282 | B18: 41283 | C18: 41283 | D18: Société | E18: Banque pro | F18: =IF(ISNUMBER(A18),MONTH(A18),IF(ISNUMBER(C18),MONTH(C18),0)) -> 1 | G18: =IF(ISNUMBER(A18),YEAR(A18),IF(ISNUMBER(C18),YEAR(C18),0)) -> 2013 | H18: =IF(C18>0,E18,) -> Banque pro | I18: =IF(C18>0,,E18) -> 0 | J18: =IF(OR($H18=J$6,$I18=J$6),1,0) -> 0 | K18: =J18*($AF18+$AG18) -> 0 | L18: =IF(OR($H18=L$6,$I18=L$6),1,0) -> 0 | M18: =L18*($AF18+$AG18) -> 0 | N18: =IF(OR($H18=N$6,$I18=N$6),1,0) -> 0 | O18: =N18*($AF18+$AG18) -> 0 | P18: =IF(OR($H18=P$6,$I18=P$6),1,0) -> 0 | Q18: =P18*($AF18+$AG18) -> 0 | R18: =IF(OR($H18=R$6,$I18=R$6),1,0) -> 0 | S18: =R18*($AF18+$AG18) -> 0 | T18: =IF(OR($H18=T$6,$I18=T$6),1,0) -> 0 | U18: =T18*($AF18+$AG18) -> 0 | V18: =IF(OR($H18=V$6,$I18=V$6),1,0) -> 0 | W18: =V18*($AF18+$AG18) -> 0 | X18: Opérations bancaires | Y18: Frais | Z18: Assurance bancaire | AA18: 20140221 | AB18: XXXXXX | AC18: Prélèvement | AD18: Banque | AE18: Banque pro | AF18: =-53*(1-25%) -> -39.75 | AH18: =SUM(AF18:AG18) -> -39.75 | AI18: 0 | AJ18: =SUM(AH18:AI18) -> -39.75 | AK18: =IF($E18=AK$6,$AJ18,0)+OFFSET($AJ18,1,COLUMN(AK18)-COLUMN($AK$6)+1) -> -56.63 | AL18: =IF($E18=AL$6,$AJ18,0)+OFFSET($AJ18,1,COLUMN(AL18)-COLUMN($AK$6)+1) -> 8000
A19: 41278 | B19: 41279 | C19: 41279 | D19: Société | E19: Banque pro | F19: =IF(ISNUMBER(A19),MONTH(A19),IF(ISNUMBER(C19),MONTH(C19),0)) -> 1 | G19: =IF(ISNUMBER(A19),YEAR(A19),IF(ISNUMBER(C19),YEAR(C19),0)) -> 2013 | H19: =IF(C19>0,E19,) -> Banque pro | I19: =IF(C19>0,,E19) -> 0 | J19: =IF(OR($H19=J$6,$I19=J$6),1,0) -> 0 | K19: =J19*($AF19+$AG19) -> 0 | L19: =IF(OR($H19=L$6,$I19=L$6),1,0) -> 0 | M19: =L19*($AF19+$AG19) -> 0 | N19: =IF(OR($H19=N$6,$I19=N$6),1,0) -> 0 | O19: =N19*($AF19+$AG19) -> 0 | P19: =IF(OR($H19=P$6,$I19=P$6),1,0) -> 0 | Q19: =P19*($AF19+$AG19) -> 0 | R19: =IF(OR($H19=R$6,$I19=R$6),1,0) -> 0 | S19: =R19*($AF19+$AG19) -> 0 | T19: =IF(OR($H19=T$6,$I19=T$6),1,0) -> 0 | U19: =T19*($AF19+$AG19) -> 0 | V19: =IF(OR($H19=V$6,$I19=V$6),1,0) -> 0 | W19: =V19*($AF19+$AG19) -> 0 | X19: Opérations bancaires | Y19: Frais | Z19: Acquisition de la CB (remise 50% pour la 1ère année) | AA19: - | AB19: XXXXXX | AC19: Virement | AD19: Banque | AE19: Banque pro | AG19: 16.87 | AH19: =SUM(AF19:AG19) -> 16.87 | AI19: 0 | AJ19: =SUM(AH19:AI19) -> 16.87 | AK19: =IF($E19=AK$6,$AJ19,0)+OFFSET($AJ19,1,COLUMN(AK19)-COLUMN($AK$6)+1) -> -16.88 | AL19: =IF($E19=AL$6,$AJ19,0)+OFFSET($AJ19,1,COLUMN(AL19)-COLUMN($AK$6)+1) -> 8000
A20: 41278 | B20: 41279 | C20: 41279 | D20: Société | E20: Banque pro | F20: =IF(ISNUMBER(A20),MONTH(A20),IF(ISNUMBER(C20),MONTH(C20),0)) -> 1 | G20: =IF(ISNUMBER(A20),YEAR(A20),IF(ISNUMBER(C20),YEAR(C20),0)) -> 2013 | H20: =IF(C20>0,E20,) -> Banque pro | I20: =IF(C20>0,,E20) -> 0 | J20: =IF(OR($H20=J$6,$I20=J$6),1,0) -> 0 | K20: =J20*($AF20+$AG20) -> 0 | L20: =IF(OR($H20=L$6,$I20=L$6),1,0) -> 0 | M20: =L20*($AF20+$AG20) -> 0 | N20: =IF(OR($H20=N$6,$I20=N$6),1,0) -> 0 | O20: =N20*($AF20+$AG20) -> 0 | P20: =IF(OR($H20=P$6,$I20=P$6),1,0) -> 0 | Q20: =P20*($AF20+$AG20) -> 0 | R20: =IF(OR($H20=R$6,$I20=R$6),1,0) -> 0 | S20: =R20*($AF20+$AG20) -> 0 | T20: =IF(OR($H20=T$6,$I20=T$6),1,0) -> 0 | U20: =T20*($AF20+$AG20) -> 0 | V20: =IF(OR($H20=V$6,$I20=V$6),1,0) -> 0 | W20: =V20*($AF20+$AG20) -> 0 | X20: Opérations bancaires | Y20: Frais | Z20: Acquisition de la CB | AA20: - | AB20: XXXXXX | AC20: Prélèvement | AD20: Banque | AE20: Banque pro | AF20: =-45*(1-25%) -> -33.75 | AH20: =SUM(AF20:AG20) -> -33.75 | AI20: 0 | AJ20: =SUM(AH20:AI20) -> -33.75 | AK20: =IF($E20=AK$6,$AJ20,0)+OFFSET($AJ20,1,COLUMN(AK20)-COLUMN($AK$6)+1) -> -33.75 | AL20: =IF($E20=AL$6,$AJ20,0)+OFFSET($AJ20,1,COLUMN(AL20)-COLUMN($AK$6)+1) -> 8000
A21: =C21 -> 41279 | B21: 41279 | C21: 41279 | D21: Moi | E21: Banque perso | F21: =IF(ISNUMBER(A21),MONTH(A21),IF(ISNUMBER(C21),MONTH(C21),0)) -> 1 | G21: =IF(ISNUMBER(A21),YEAR(A21),IF(ISNUMBER(C21),YEAR(C21),0)) -> 2013 | H21: =IF(C21>0,E21,) -> Banque perso | I21: =IF(C21>0,,E21) -> 0 | J21: =IF(OR($H21=J$6,$I21=J$6),1,0) -> 0 | K21: =J21*($AF21+$AG21) -> 0 | L21: =IF(OR($H21=L$6,$I21=L$6),1,0) -> 0 | M21: =L21*($AF21+$AG21) -> 0 | N21: =IF(OR($H21=N$6,$I21=N$6),1,0) -> 0 | O21: =N21*($AF21+$AG21) -> 0 | P21: =IF(OR($H21=P$6,$I21=P$6),1,0) -> 0 | Q21: =P21*($AF21+$AG21) -> 0 | R21: =IF(OR($H21=R$6,$I21=R$6),1,0) -> 0 | S21: =R21*($AF21+$AG21) -> 0 | T21: =IF(OR($H21=T$6,$I21=T$6),1,0) -> 0 | U21: =T21*($AF21+$AG21) -> 0 | V21: =IF(OR($H21=V$6,$I21=V$6),1,0) -> 0 | W21: =V21*($AF21+$AG21) -> 0 | X21: Opérations bancaires | Y21: Apport capital | Z21: Apport en capital de 8000 € (Capital total : 10000 €) | AA21: - | AB21: XXXXXX | AD21: Banque | AE21: Ma société | AG21: 8000 | AH21: =SUM(AF21:AG21) -> 8000 | AI21: 0 | AJ21: =SUM(AH21:AI21) -> 8000 | AK21: =IF($E21=AK$6,$AJ21,0)+OFFSET($AJ21,1,COLUMN(AK21)-COLUMN($AK$6)+1) -> 0 | AL21: =IF($E21=AL$6,$AJ21,0)+OFFSET($AJ21,1,COLUMN(AL21)-COLUMN($AK$6)+1) -> 8000
A22: 41278 | B22: 41279 | C22: 41279 | D22: Société | E22: Banque pro | F22: =IF(ISNUMBER(A22),MONTH(A22),IF(ISNUMBER(C22),MONTH(C22),0)) -> 1 | G22: =IF(ISNUMBER(A22),YEAR(A22),IF(ISNUMBER(C22),YEAR(C22),0)) -> 2013 | H22: =IF(C22>0,E22,) -> Banque pro | I22: =IF(C22>0,,E22) -> 0 | J22: =IF(OR($H22=J$6,$I22=J$6),1,0) -> 0 | K22: =J22*($AF22+$AG22) -> 0 | L22: =IF(OR($H22=L$6,$I22=L$6),1,0) -> 0 | M22: =L22*($AF22+$AG22) -> 0 | N22: =IF(OR($H22=N$6,$I22=N$6),1,0) -> 0 | O22: =N22*($AF22+$AG22) -> 0 | P22: =IF(OR($H22=P$6,$I22=P$6),1,0) -> 0 | Q22: =P22*($AF22+$AG22) -> 0 | R22: =IF(OR($H22=R$6,$I22=R$6),1,0) -> 0 | S22: =R22*($AF22+$AG22) -> 0 | T22: =IF(OR($H22=T$6,$I22=T$6),1,0) -> 0 | U22: =T22*($AF22+$AG22) -> 0 | V22: =IF(OR($H22=V$6,$I22=V$6),1,0) -> 0 | W22: =V22*($AF22+$AG22) -> 0 | X22: Opérations bancaires | Y22: Ouverture de compte | Z22: Ouverture du compte bancaire pro | AB22: - | AG22: 0 | AH22: =SUM(AE22:AE22) -> 0 | AI22: =SUM(AF22:AF22) -> 0 | AJ22: =SUM(AH22:AI22) -> 0 | AK22: =IF($E22=AK$6,$AJ22,0)+OFFSET($AJ22,1,COLUMN(AK22)-COLUMN($AK$6)+1) -> 0 | AL22: =IF($E22=AL$6,$AJ22,0)+OFFSET($AJ22,1,COLUMN(AL22)-COLUMN($AK$6)+1) -> 0
A23: 40178 | B23: x | C23: x | D23: Société | E23: Banque pro | F23: =IF(ISNUMBER(A23),MONTH(A23),IF(ISNUMBER(C23),MONTH(C23),0)) -> 12 | G23: =IF(ISNUMBER(A23),YEAR(A23),IF(ISNUMBER(C23),YEAR(C23),0)) -> 2009 | H23: =IF(C23>0,E23,) -> Banque pro | I23: =IF(C23>0,,E23) -> 0 | J23: =IF(OR($H23=J$6,$I23=J$6),1,0) -> 0 | K23: =J23*($AF23+$AG23) -> 0 | L23: =IF(OR($H23=L$6,$I23=L$6),1,0) -> 0 | M23: =L23*($AF23+$AG23) -> 0 | N23: =IF(OR($H23=N$6,$I23=N$6),1,0) -> 0 | O23: =N23*($AF23+$AG23) -> 0 | P23: =IF(OR($H23=P$6,$I23=P$6),1,0) -> 0 | Q23: =P23*($AF23+$AG23) -> 0 | R23: =IF(OR($H23=R$6,$I23=R$6),1,0) -> 0 | S23: =R23*($AF23+$AG23) -> 0 | T23: =IF(OR($H23=T$6,$I23=T$6),1,0) -> 0 | U23: =T23*($AF23+$AG23) -> 0 | V23: =IF(OR($H23=V$6,$I23=V$6),1,0) -> 0 | W23: =V23*($AF23+$AG23) -> 0 | X23: Opérations bancaires | Y23: Solde initial | Z23: Solde initial | AB23: - | AF23: 0 | AH23: =SUM(AF23:AG23) -> 0 | AJ23: =SUM(AH23:AI23) -> 0 | AK23: =AJ23 -> 0
A24: 40178 | B24: x | C24: x | D24: Moi | E24: Banque perso | F24: =IF(ISNUMBER(A24),MONTH(A24),IF(ISNUMBER(C24),MONTH(C24),0)) -> 12 | G24: =IF(ISNUMBER(A24),YEAR(A24),IF(ISNUMBER(C24),YEAR(C24),0)) -> 2009 | H24: =IF(C24>0,E24,) -> Banque perso | I24: =IF(C24>0,,E24) -> 0 | J24: =IF(OR($H24=J$6,$I24=J$6),1,0) -> 0 | K24: =J24*($AF24+$AG24) -> 0 | L24: =IF(OR($H24=L$6,$I24=L$6),1,0) -> 0 | M24: =L24*($AF24+$AG24) -> 0 | N24: =IF(OR($H24=N$6,$I24=N$6),1,0) -> 0 | O24: =N24*($AF24+$AG24) -> 0 | P24: =IF(OR($H24=P$6,$I24=P$6),1,0) -> 0 | Q24: =P24*($AF24+$AG24) -> 0 | R24: =IF(OR($H24=R$6,$I24=R$6),1,0) -> 0 | S24: =R24*($AF24+$AG24) -> 0 | T24: =IF(OR($H24=T$6,$I24=T$6),1,0) -> 0 | U24: =T24*($AF24+$AG24) -> 0 | V24: =IF(OR($H24=V$6,$I24=V$6),1,0) -> 0 | W24: =V24*($AF24+$AG24) -> 0 | X24: Opérations bancaires | Y24: Solde initial | Z24: Solde initial | AB24: - | AF24: 0 | AH24: =SUM(AF24:AG24) -> 0 | AJ24: =SUM(AH24:AI24) -> 0 | AL24: =AJ24 -> 0

Sheet Résultat
B1: Compte de résultat comptable | C1: (fourni par l'expert comptable) | I1: Tableau des soldes intermédiaires de gestion | K1: (fourni par l'expert comptable) | O1: Tableau de bord
B3: CHARGES | C3: Exercice n | D3: Exercice n-1 | E3: PRODUITS | F3: Exercice n | G3: Exercice n-1 | J3: Exercice n | L3: Exercice n-1 | O3: Détaillé | P3: n | Q3: % | R3: n-1 | S3: %
B4: Charges d'exploitation | E4: Produits d'exploitation | I4: Ventes de marchandises | J4: =+F5 -> 0 | L4: =+G5 -> 0 | O4: Chiffre d'affaires | P4: =F6 -> 742000 | Q4: 1 | R4: =L7 -> 698000 | S4: 1
B5: Achats de marchandises | E5: Ventes de marchandises | I5: Coût d'achat des marchandises vendues | J5: =+C5:C6 -> 0 | L5: =+D5:D6 -> 0 | O5: Nombre de couverts | P5: 45800 | R5: 44200
B6: Variation de stocks | E6: Production vendue (biens et services) | F6: 742000 | G6: 698000 | I6: MARGE COMMERCIALE (I) | J6: =+J4-J5 -> 0 | L6: =+L4-L5 -> 0 | O6: Addition moyenne | P6: =P4/P5 -> 16.200873 | R6: =R4/R5 -> 15.791855
B7: Achats de matières premières et | E7: Sous-total A - Montant net du chiffre d'affaires | F7: =+F5+F6 -> 742000 | G7: =+G5+G6 -> 698000 | I7: Production vendue | J7: =+F6 -> 742000 | L7: =+G6 -> 698000 | O7: Consommations de matières | P7: =C8+C9-F10 -> 214100 | Q7: =P7/$P$4 -> 0.28854447 | R7: =D8+D9-G10 -> 205600 | S7: =R7/$R$4 -> 0.29455587
B8: autres approvisionnements | C8: 237000 | D8: 224000 | E8: dont à l'exportation | I8: Production stockée | J8: =+F9 -> 0 | L8: =+G9 -> 0 | O8: MARGE BRUTE | P8: =P4-P7 -> 527900 | Q8: =P8/$P$4 -> 0.71145553 | R8: =R4-R7 -> 492400 | S8: =R8/$R$4 -> 0.70544413
B9: Variation de stocks | C9: -1400 | D9: 800 | E9: Production stockée | I9: Production immobilisée et consommée | J9: =+F10 -> 21500 | L9: =+G10 -> 19200 | O9: Charges de personnel | P9: =C12+C13 -> 275000 | Q9: =P9/$P$4 -> 0.37061995 | R9: =D12+D13 -> 270000 | S9: =R9/$R$4 -> 0.38681948
B10: Autres achats et charges externes (1) | C10: 136000 | D10: 149000 | E10: Production immobilisée et consommée | F10: 21500 | G10: 19200 | I10: PRODUCTION DE L'EXERCICE (II) | J10: =SUM(J7:J9) -> 763500 | L10: =SUM(L7:L9) -> 717200 | O10: MARGE SUR COUT PRINCIPAL | P10: =P8-P9 -> 252900 | Q10: =P10/$P$4 -> 0.34083558 | R10: =R8-R9 -> 222400 | S10: =R10/$R$4 -> 0.31862464
B11: Impôts, taxes et versements assimilés | C11: 19600 | D11: 18500 | E11: Subventions d'exploitation | I11: Total I+II | J11: =+J6+J10 -> 763500 | K11: =J11/$L$11 -> 1.0645566 | L11: =+L6+L10 -> 717200 | M11: =L11/$L$11 -> 1 | O11: Fournitures d'eau et d'énergie | P11: 19000 | Q11: =P11/$P$4 -> 0.025606469 | R11: 21000 | S11: =R11/$R$4 -> 0.03008596
B12: Salaires et traitements | C12: 212000 | D12: 209000 | E12: Reprises sur provisions et amortissements, | I12: Consommations de l'exercice en provenance des tiers | J12: =+C8+C9+C10 -> 371600 | L12: =+D8+D9+D10 -> 373800 | O12: Fournitures d'exploitation : uniformes, | Q12: =P12/$P$4 -> 0 | S12: =R12/$R$4 -> 0
B13: Charges sociales | C13: 63000 | D13: 61000 | E13: transferts de charges | I13: VALEUR AJOUTEE | J13: =+J11-J12 -> 391900 | K13: =J13/$L$11 -> 0.54643056 | L13: =+L11-L12 -> 343400 | M13: =L13/$L$11 -> 0.47880647 | O13: linge, vaisselle, petit matériel | P13: 10000 | Q13: =P13/$P$4 -> 0.013477089 | R13: 15000 | S13: =R13/$R$4 -> 0.021489971
B14: Dotations aux amortissements et | E14: Autres produits | I14: Subventions d'exploitation | J14: =+F11 -> 0 | L14: =+G11 -> 0 | O14: Fournitures administratives | P14: 3000 | Q14: =P14/$P$4 -> 0.0040431267 | R14: 4200 | S14: =R14/$R$4 -> 0.006017192
B15: aux provisions | E15: Sous-total B | F15: =SUM(F9:F14) -> 21500 | G15: =SUM(G9:G14) -> 19200 | I15: Impôts, taxes et versements assimilés | J15: =+C11 -> 19600 | L15: =+D11 -> 18500 | O15: Produits d'entretien | P15: 3000 | Q15: =P15/$P$4 -> 0.0040431267 | R15: 4600 | S15: =R15/$R$4 -> 0.0065902579
B16: sur immobilisations : amortissements | C16: 25250 | D16: 21400 | E16: Total I (A+B) | F16: =+F15+F7 -> 763500 | G16: =+G15+G7 -> 717200 | I16: Charges de personnel | J16: =C12+C13 -> 275000 | L16: =D12+D13 -> 270000 | O16: Blanchissage | P16: 6400 | Q16: =P16/$P$4 -> 0.0086253369 | R16: 6200 | S16: =R16/$R$4 -> 0.0088825215
B17: sur immobilisations : provisions | E17: Quotes-parts de résultat sur opérations | I17: EXECEDENT BRUT D'EXPLOITATION | J17: =+J13+J14-J15-J16 -> 97300 | K17: =J17/$L$11 -> 0.13566648 | L17: =+L13+L14-L15-L16 -> 54900 | M17: =L17/$L$11 -> 0.076547685 | O17: Maintenance | P17: 2000 | Q17: =P17/$P$4 -> 0.0026954178 | R17: 1900 | S17: =R17/$R$4 -> 0.002722063
B18: sur actif circulant : provisions | E18: faites en commun (II) | I18: Reprises sur charges et transferts de charges | J18: =F12+F13 -> 0 | L18: =G12+G13 -> 0 | O18: Primes d'assurances | P18: 4000 | Q18: =P18/$P$4 -> 0.0053908356 | R18: 3900 | S18: =R18/$R$4 -> 0.0055873926
B19: pour risques et charges : provisions | E19: Produits financiers | I19: Autres produits | J19: =+F14 -> 0 | L19: =+G14 -> 0 | O19: Rémunérations d'intermédiaires | P19: 3400 | Q19: =P19/$P$4 -> 0.0045822102 | R19: 3400 | S19: =R19/$R$4 -> 0.0048710602
B20: Autres charges | C20: 3200 | D20: 2900 | E20: De participation | I20: Dotations aux amortissements et provisions | J20: =SUM(C16:C19) -> 25250 | L20: =SUM(D16:D19) -> 21400 | O20: Publicité | P20: 6400 | Q20: =P20/$P$4 -> 0.0086253369 | R20: 8800 | S20: =R20/$R$4 -> 0.01260745
B21: Total I | C21: =SUM(C5:C20) -> 694650 | D21: =SUM(D5:D20) -> 686600 | E21: D'autres valeurs mobilières et créances | I21: Autres charges | J21: =+C20 -> 3200 | L21: =+D20 -> 2900 | O21: Transports, missions, réceptions | P21: 1000 | Q21: =P21/$P$4 -> 0.0013477089 | R21: 4200 | S21: =R21/$R$4 -> 0.006017192
B22: Quotes-parts de résultat sur opérations | E22: de l'actif immobilisé | I22: RESULTAT D'EXPLOITATION | J22: =+J17+J18+J19-J20-J21 -> 68850 | K22: =J22/$L$11 -> 0.095998327 | L22: =+L17+L18+L19-L20-L21 -> 30600 | M22: =L22/$L$11 -> 0.042665923 | O22: Frais postaux et de télécommunications | P22: 2800 | Q22: =P22/$P$4 -> 0.0037735849 | R22: 2700 | S22: =R22/$R$4 -> 0.0038681948
B23: faites en commun (II) | E23: Autres intérêts et produits assimilés | I23: Quote-part de résultat sur opérations faites en commun | J23: =+F18 -> 0 | L23: =+G18 -> 0 | O23: Services bancaires et commissions | Q23: =P23/$P$4 -> 0 | S23: =R23/$R$4 -> 0
B24: Charges financières | E24: Reprises sur provisions et transferts de charges | I24: Produits financiers | J24: =+F27 -> 0 | L24: =+G27 -> 0 | O24: sur moyens de paiement | P24: 4200 | Q24: =P24/$P$4 -> 0.0056603774 | R24: 4800 | S24: =R24/$R$4 -> 0.0068767908
B25: Dotations aux amortissements et aux provisions | E25: Différences positives de change | I25: Charges financières | J25: =+C29 -> 10700 | L25: =+D29 -> 11800 | O25: Redevances | P25: 3200 | Q25: =P25/$P$4 -> 0.0043126685 | R25: 3000 | S25: =R25/$R$4 -> 0.0042979943
B26: Intérêts et charges assimilées (2) | C26: 10700 | D26: 11800 | E26: Produits nets sur valeurs mobilières de placement | I26: RESULTAT COURANT AVANT IMPOT | J26: =+J22+J23+J24-J25 -> 58150 | K26: =J26/$L$11 -> 0.081079197 | L26: =+L22+L23+L24-L25 -> 18800 | M26: =L26/$L$11 -> 0.026213051 | O26: Impôts et taxes | P26: 19600 | Q26: =P26/$P$4 -> 0.026415094 | R26: =D11 -> 18500 | S26: =R26/$R$4 -> 0.026504298
B27: Différences négatives de change | E27: Total III | F27: =SUM(F20:F26) -> 0 | G27: =SUM(G20:G26) -> 0 | I27: Produits exceptionnels | J27: =+F32 -> 1000 | L27: =+G32 -> 200 | O27: Divers | Q27: =P27/$P$4 -> 0 | S27: =R27/$R$4 -> 0
B28: Charges nettes sur valeurs mobilières de placement | E28: Produits exceptionnels | I28: Charges exceptionnelles | J28: =+C34 -> 1150 | L28: =+D34 -> 500 | O28: Total frais généraux | P28: =SUM(P11:P27) -> 88000 | Q28: =P28/$P$4 -> 0.11859838 | R28: =SUM(R11:R27) -> 102200 | S28: =R28/$R$4 -> 0.14641834
B29: Total III | C29: =SUM(C25:C28) -> 10700 | D29: =SUM(D25:D28) -> 11800 | E29: Sur opérations de gestion | F29: 100 | G29: 200 | I29: RESULTAT EXCEPTIONNEL | J29: =+J27-J28 -> -150 | L29: =+L27-L28 -> -300 | O29: RESULTAT BRUT D'EXPLOITATION | P29: =P10-P28 -> 164900 | Q29: =P29/$P$4 -> 0.2222372 | R29: =R10-R28 -> 120200 | S29: =R29/$R$4 -> 0.1722063
B30: Charges exceptionnelles | E30: Sur opérations en capital | F30: 900 | I30: Participation des salariés | O30: Dotations aux amortissements | P30: =C16 -> 25250 | Q30: =P30/$P$4 -> 0.03402965 | R30: =D16 -> 21400 | S30: =R30/$R$4 -> 0.030659026
B31: Sur opérations de gestion | C31: 650 | D31: 500 | E31: Reprises sur provisions et transferts de charges | I31: Impôt sur les bénéfices | J31: =+C36 -> 23000 | L31: =+D36 -> 7400 | O31: Loyers et charges locatives | P31: 75000 | Q31: =P31/$P$4 -> 0.10107817 | R31: 73000 | S31: =R31/$R$4 -> 0.10458453
B32: Sur opérations en capital | C32: 500 | E32: Total IV | F32: =SUM(F29:F31) -> 1000 | G32: =SUM(G29:G31) -> 200 | I32: RESULTAT DE L'EXERCICE | J32: =+J26+J29-J30-J31 -> 35000 | K32: =J32/$L$11 -> 0.048800892 | L32: =+L26+L29-L30-L31 -> 11100 | M32: =L32/$L$11 -> 0.015476854 | O32: Redevances de crédit-bail | Q32: =P32/$P$4 -> 0 | S32: =R32/$R$4 -> 0
B33: Dotations aux amortissements et provisions | E33: Total des produits (I+II+III+IV) | F33: =+F32+F27+F18+F16 -> 764500 | G33: =+G32+G27+G18+G16 -> 717400 | I33: Produits des cessions d'éléments d'actif | J33: 900 | O33: Intérêts des emprunts | P33: =C42 -> 6500 | Q33: =P33/$P$4 -> 0.0087601078 | R33: =D42 -> 7000 | S33: =R33/$R$4 -> 0.010028653
B34: Total IV | C34: =SUM(C31:C33) -> 1150 | D34: =SUM(D31:D33) -> 500 | E34: Solde débiteur = perte | F34: =IF(C37>F33,C37-F33," ") | I34: Valeur comptables des éléments d'actifs cédés | J34: 500 | O34: Coûts d’occupation | P34: =SUM(P30:P33) -> 106750 | Q34: =P34/$P$4 -> 0.14386792 | R34: =SUM(R30:R33) -> 101400 | S34: =R34/$P$4 -> 0.13665768
B35: Participation des salariés aux résultats (V) | E35: TOTAL GENERAL | F35: =IF(F34=" ",F33,F33+F34) -> 764500 | G35: =IF(G34=" ",G33,G33+G34) -> 717400 | I35: Plus-values et moins-values sur cessions d'éléments d'actif | J35: =J33-J34 -> 400 | O35: RESULTAT COURANT | P35: =P29-P34 -> 58150 | Q35: =P35/$P$4 -> 0.078369272 | R35: =R29-R34 -> 18800 | S35: =R35/$R$4 -> 0.026934097
B36: Impôts sur les bénéfices (VI) | C36: 23000 | D36: 7400 | O36: +/- Résultat financier (hors intérêts) | P36: =J25-C26 -> 0
B37: Total des charges ((I+II+III+IV+V+VI) | C37: =+C34+C29+C23+C21+C35+C36 -> 729500 | D37: =+D34+D29+D23+D21+D35+D36 -> 706300 | O37: +/- Résultat exceptionnel | P37: =J29 -> -150 | R37: =L29 -> -300
B38: Solde créditeur = bénéfice | C38: 35000 | D38: 11100 | O38: -Participation des salariés aux résultats
B39: TOTAL GENERAL | C39: =+C37+C38 -> 764500 | D39: =+D37+D38 -> 717400 | O39: -Impôts sur les bénéfices | P39: =-J31 -> -23000 | R39: =-L31 -> -7400
B40: (1) Dont loyers | C40: 75000 | D40: 73000 | O40: RESULTAT NET | P40: =SUM(P35:P39) -> 35000 | Q40: =P40/$P$4 -> 0.047169811 | R40: =SUM(R35:R39) -> 11100 | S40: =R40/$R$4 -> 0.015902579
B41: (2) Détail du poste
B42: Intérêts des emprunts | C42: 6500 | D42: 7000
B43: Commissions sur moyens de paiement | C43: 4200 | D43: 4800 | V43: Solution n-1
P44: n | Q44: n-1 | T44: Cliquez ici | W44: n | X44: n-1
O45: =B7 -> Achats de matières premières et | S45: Solution | V45: =I7 -> Production vendue
O46: autres approvisionnements | P46: =C8 -> 237000 | V46: autres approvisionnements | W46: =P46 -> 237000 | X46: =D8 -> 224000
O47: +/- Variation de stocks | P47: =C9 -> -1400 | V47: +/- Variation de stocks | W47: =P47 -> -1400 | X47: =D9 -> 800
O48: - Production immobilisée et consommée | P48: =F10 -> 21500 | V48: - Production immobilisée et consommée | W48: =P48 -> 21500 | X48: =G10 -> 19200
O49: Consommations de matières | P49: =P46+P47-P48 -> 214100 | V49: Consommations de matières | W49: =P49 -> 214100 | X49: =X46+X47-X48 -> 205600
P51: n | Q51: n-1 | W51: n | X51: n-1
O52: Salaires et traitements | P52: =C12 -> 212000 | V52: Salaires et traitements | W52: =P52 -> 212000 | X52: =D12 -> 209000
O53: + Charges sociales | P53: =C13 -> 63000 | V53: + Charges sociales | W53: =P53 -> 63000 | X53: =D13 -> 61000
O54: Charges de personnel | P54: =SUM(P52:P53) -> 275000 | V54: Charges de personnel | W54: =W52+W53 -> 275000 | X54: =X52+X53 -> 270000
P57: n | Q57: n-1 | W57: n | X57: n-1
O58: Autres achats et charges externes | P58: =C10 -> 136000 | V58: Autres achats et charges externes | W58: =P58 -> 136000 | X58: =D10 -> 149000
O59: + Impôts, taxes et versements assimilés | P59: =C11 -> 19600 | V59: + Impôts, taxes et versements assimilés | W59: =P59 -> 19600 | X59: =D11 -> 18500
O60: + Autres charges | P60: =C20 -> 3200 | V60: + Autres charges | W60: =P60 -> 3200 | X60: =D20 -> 2900
O61: + Commissions sur moyens de paiement | P61: =C43 -> 4200 | V61: + Commissions sur moyens de paiement | W61: =P61 -> 4200 | X61: =D43 -> 4800
O62: - Loyers et charges locatives | P62: =-C40 -> -75000 | V62: - Loyers et charges locatives | W62: =P62 -> -75000 | X62: =-D40 -> -73000
O63: - Redevances de crédit-bail | V63: - Redevances de crédit-bail | W63: =P63 -> 0
O64: Frais généraux | P64: =SUM(P58:P63) -> 88000 | V64: Frais généraux | W64: =P64 -> 88000 | X64: =SUM(X58:X63) -> 102200
P66: n | Q66: n-1 | W66: n | X66: n-1
O67: Dotations aux amortissements | P67: =C16 -> 25250 | V67: Dotations aux amortissements | W67: =P67 -> 25250 | X67: =D16 -> 21400
O68: + Loyers et charges locatives | P68: =C40 -> 75000 | V68: + Loyers et charges locatives | W68: =P68 -> 75000 | X68: =R31 -> 73000
O69: + Redevances de crédit-bail | V69: + Redevances de crédit-bail | W69: =P69 -> 0
O70: + Intérêts des emprunts | P70: =C42 -> 6500 | V70: + Intérêts des emprunts | W70: =P70 -> 6500 | X70: =D42 -> 7000
O71: Coûts d’occupation | P71: =SUM(P67:P70) -> 106750 | V71: Coûts d’occupation | W71: =P71 -> 106750 | X71: =SUM(X67:X70) -> 101400

Sheet Tréso mensuel
Q1: A finaliser
B2: Trésorerie | Q2: Contrôle
C4: Mois 1 | D4: Mois 2 | E4: Mois 3 | F4: Mois 4 | G4: Mois 5 | H4: Mois 6 | I4: Mois 7 | J4: Mois 8 | K4: Mois 9 | L4: Mois 10 | M4: Mois 11 | N4: Mois 12 | O4: TOTAL
B5: (nombres cuisines commandées) | C5: 0 | D5: 1 | E5: 1 | F5: 1 | G5: 2 | H5: 2 | I5: 2 | J5: 3 | K5: 3 | L5: 3 | M5: 3 | N5: 3 | O5: =SUM(C5:N5) -> 24 | Q5: 24
B6: Commandes T.T.C | C6: 0 | D6: 8586.0167 | E6: 8586.0167 | F6: 8586.0167 | G6: 17172.033 | H6: 17172.033 | I6: 17172.033 | J6: 25758.05 | K6: 25758.05 | L6: 25758.05 | M6: 25758.05 | N6: 25758.05 | O6: =SUM(C6:N6) -> 206064.4 | Q6: 206064.4
B7: (nombres cuisines facturées) | C7: 0 | D7: 0 | E7: 0 | F7: 1 | G7: 1 | H7: 2 | I7: 2 | J7: 2 | K7: 2 | L7: 3 | M7: 3 | N7: 3 | O7: =SUM(C7:N7) -> 19 | Q7: 19
B8: Facture HT (hors pose, hors livraison) | C8: 0 | D8: 0 | E8: 0 | F8: 6708.3333 | G8: 6708.3333 | H8: 13416.667 | I8: 13416.667 | J8: 13416.667 | K8: 13416.667 | L8: 20125 | M8: 20125 | N8: 20125 | O8: =SUM(C8:N8) -> 127458.33 | Q8: =#REF! -> #REF!
B9: Facture totale HT | C9: 0 | D9: 0 | E9: 0 | F9: 7708.3333 | G9: 7708.3333 | H9: 15416.667 | I9: 15416.667 | J9: 15416.667 | K9: 15416.667 | L9: 23125 | M9: 23125 | N9: 23125 | O9: =SUM(C9:N9) -> 146458.33 | Q9: =#REF! -> #REF!
B10: Factures T.T.C | C10: 0 | D10: 0 | E10: 0 | F10: 8586.0167 | G10: 8586.0167 | H10: 17172.033 | I10: 17172.033 | J10: 17172.033 | K10: 17172.033 | L10: 25758.05 | M10: 25758.05 | N10: 25758.05 | O10: 163134.32 | Q10: 164851.52
B12: ENCAISSEMENTS
B13: Encaissements d'exploitation
B14: Chiffre d'affaires encaissé
B15: Acomptes | C15: =SUM(C6*30%) -> 0 | D15: =SUM(D6*30%) -> 2575.805 | E15: =SUM(E6*30%) -> 2575.805 | F15: =SUM(F6*30%) -> 2575.805 | G15: =SUM(G6*30%) -> 5151.61 | H15: =SUM(H6*30%) -> 5151.61 | I15: =SUM(I6*30%) -> 5151.61 | J15: =SUM(J6*30%) -> 7727.415 | ... N15: =SUM(N6*30%) -> 7727.415 | O15: =SUM(C15:N15) -> 61819.32
B16: Soldes | C16: =SUM(C10*70%) -> 0 | D16: =SUM(D10*70%) -> 0 | E16: =SUM(E10*70%) -> 0 | F16: =SUM(F10*70%) -> 6010.2117 | G16: =SUM(G10*70%) -> 6010.2117 | H16: =SUM(H10*70%) -> 12020.423 | I16: =SUM(I10*70%) -> 12020.423 | J16: =SUM(J10*70%) -> 12020.423 | ... N16: =SUM(N10*70%) -> 18030.635 | O16: =SUM(C16:N16) -> 114194.02
B17: TVA à récupérer | C17: 6576.5154 | D17: 392.12468 | E17: 392.12468 | F17: 702.74707 | G17: 751.91094 | H17: 856.73333 | I17: 650.93333 | J17: 700.09721 | K17: 700.09721 | L17: 804.9196 | M17: 804.9196 | N17: 804.9196 | O17: =SUM(C17:N17) -> 14138.043
B18: Encaissements hors exploitation
B19: Apport en capital | C19: 10000 | O19: =SUM(C19:N19) -> 10000
B20: Apports en comptes courants d'associés | C20: 5000 | O20: =SUM(C20:N20) -> 5000
B21: Emprunts à moyen et long terme | C21: 34160.205 | O21: =SUM(C21:N21) -> 34160.205
B22: TOTAL ENCAISSEMENTS | C22: =SUM(C12:C21) -> 55736.72 | D22: =SUM(D12:D21) -> 2967.9297 | E22: =SUM(E12:E21) -> 2967.9297 | F22: =SUM(F12:F21) -> 9288.7637 | G22: =SUM(G12:G21) -> 11913.733 | H22: =SUM(H12:H21) -> 18028.767 | I22: =SUM(I12:I21) -> 17822.967 | J22: =SUM(J12:J21) -> 20447.936 | ... O22: =SUM(O12:O21) -> 239311.59 | Q22: =SUM(C22:N22) -> 239311.59
B24: DECAISSEMENTS
B25: Investissements | C25: 35454.045 | F25: 1255.8 | G25: 1255.8 | H25: 1255.8 | O25: =SUM(C25:N25) -> 39221.445 | Q25: 39221.445
B26: Hébergement et déplacement (formation) | C26: 2583.36 | O26: =SUM(C26:N26) -> 2583.36 | Q26: 2583.36
B27: Achats marchandise | C27: 0 | D27: 0 | E27: 0 | F27: 4813.9 | G27: 4813.9 | H27: 9627.8 | I27: 9627.8 | J27: 9627.8 | K27: 9627.8 | L27: 14441.7 | M27: 14441.7 | N27: 14441.7 | O27: =SUM(C27:N27) -> 91464.1 | Q27: =#REF!*(1+19.6%) -> #REF!
B28: Commissions versées - Acomptes (pose et livraison) | C28: 0 | D28: 300 | E28: 300 | F28: 300 | G28: 600 | H28: 600 | I28: 600 | J28: 900 | K28: 900 | L28: 900 | M28: 900 | N28: 900 | O28: =SUM(C28:N28) -> 7200
B29: Commissions versées - Soldes (pose et livraison) | C29: 0 | D29: 0 | E29: 0 | F29: 700 | G29: 700 | H29: 1400 | I29: 1400 | J29: 1400 | K29: 1400 | L29: 2100 | M29: 2100 | N29: 2100 | O29: =SUM(C29:N29) -> 13300
B30: Frais Généraux mens. | C30: =Q30/12 -> #REF! | D30: =Q30/12 -> #REF! | E30: =Q30/12 -> #REF! | F30: =Q30/12 -> #REF! | G30: =Q30/12 -> #REF! | H30: =Q30/12 -> #REF! | I30: =Q30/12 -> #REF! | J30: =Q30/12 -> #REF! | K30: =Q30/12 -> #REF! | L30: =Q30/12 -> #REF! | M30: =Q30/12 -> #REF! | N30: =Q30/12 -> #REF! | O30: =SUM(C30:N30) -> #REF! | Q30: =(#REF!-#REF!)*(1+19.6%) -> #REF!
B31: Marketing (publicité hors lancement) | C31: =C8*#REF!/#REF!*(1+19.6%) -> #REF! | D31: =D8*#REF!/#REF!*(1+19.6%) -> #REF! | E31: =E8*#REF!/#REF!*(1+19.6%) -> #REF! | F31: =F8*#REF!/#REF!*(1+19.6%) -> #REF! | G31: =G8*#REF!/#REF!*(1+19.6%) -> #REF! | H31: =H8*#REF!/#REF!*(1+19.6%) -> #REF! | I31: =I8*#REF!/#REF!*(1+19.6%) -> #REF! | J31: =J8*#REF!/#REF!*(1+19.6%) -> #REF! | ... N31: =N8*#REF!/#REF!*(1+19.6%) -> #REF! | O31: =SUM(C31:N31) -> #REF! | Q31: =#REF!*(1+19.6%) -> #REF!
B32: Royalties 3 % | C32: =C8*3%*(1+19.6%) -> 0 | D32: =D8*3%*(1+19.6%) -> 0 | E32: =E8*3%*(1+19.6%) -> 0 | F32: =F8*3%*(1+19.6%) -> 240.695 | G32: =G8*3%*(1+19.6%) -> 240.695 | H32: =H8*3%*(1+19.6%) -> 481.39 | I32: =I8*3%*(1+19.6%) -> 481.39 | J32: =J8*3%*(1+19.6%) -> 481.39 | ... N32: =N8*3%*(1+19.6%) -> 722.085 | O32: =SUM(C32:N32) -> 4573.205 | Q32: =#REF!*(1+19.6%) -> #REF!
B33: Rémunération + Charges | C33: =$Q$33/$O$5*C5 -> #REF! | D33: =$Q$33/$O$5*D5 -> #REF! | E33: =$Q$33/$O$5*E5 -> #REF! | F33: =$Q$33/$O$5*F5 -> #REF! | G33: =$Q$33/$O$5*G5 -> #REF! | H33: =$Q$33/$O$5*H5 -> #REF! | I33: =$Q$33/$O$5*I5 -> #REF! | J33: =$Q$33/$O$5*J5 -> #REF! | ... N33: =$Q$33/$O$5*N5 -> #REF! | O33: =SUM(C33:N33) -> #REF! | Q33: =#REF! -> #REF!
B34: Remboursement d'emprunt | C34: 629.11 | D34: 629.11 | E34: 629.11 | F34: 629.11 | G34: 629.11 | H34: 629.11 | I34: 629.11 | J34: 629.11 | K34: 629.11 | L34: 629.11 | M34: 629.11 | N34: 629.11 | O34: =SUM(C34:N34) -> 7549.32 | Q34: 7549.32
B35: Impôts et taxes (hors IS, hors TVA) | C35: =$Q$35/12 -> #REF! | D35: =$Q$35/12 -> #REF! | E35: =$Q$35/12 -> #REF! | F35: =$Q$35/12 -> #REF! | G35: =$Q$35/12 -> #REF! | H35: =$Q$35/12 -> #REF! | I35: =$Q$35/12 -> #REF! | J35: =$Q$35/12 -> #REF! | ... N35: =$Q$35/12 -> #REF! | O35: =SUM(C35:N35) -> #REF! | Q35: =#REF! -> #REF!
B36: Impôt sur les Sociétés (Année n-1) | C36: 0 | D36: 0 | E36: 0 | F36: 0 | G36: 0 | H36: 0 | I36: 0 | J36: 0 | K36: 0 | L36: 0 | M36: 0 | N36: 0 | O36: =SUM(C36:N36) -> 0
B37: TOTAL DECAISSEMENTS | C37: =SUM(C25:C36) -> #REF! | D37: =SUM(D25:D36) -> #REF! | E37: =SUM(E25:E36) -> #REF! | F37: =SUM(F25:F36) -> #REF! | G37: =SUM(G25:G36) -> #REF! | H37: =SUM(H25:H36) -> #REF! | I37: =SUM(I25:I36) -> #REF! | J37: =SUM(J25:J36) -> #REF! | ... O37: =SUM(O25:O36) -> #REF!
B39: SOLDE DU MOIS | C39: =SUM(C22-C37) -> #REF! | D39: =SUM(D22-D37) -> #REF! | E39: =SUM(E22-E37) -> #REF! | F39: =SUM(F22-F37) -> #REF! | G39: =SUM(G22-G37) -> #REF! | H39: =SUM(H22-H37) -> #REF! | I39: =SUM(I22-I37) -> #REF! | J39: =SUM(J22-J37) -> #REF! | ... N39: =SUM(N22-N37) -> #REF! | O39: =ROUND(O22-O37,2) -> #REF! | Q39: =ROUND(SUM(C39:N39),2) -> #REF!
B40: SOLDES CUMULES | C40: =SUM(C39) -> #REF! | D40: =SUM(C40+D39) -> #REF! | E40: =SUM(D40+E39) -> #REF! | F40: =SUM(E40+F39) -> #REF! | G40: =SUM(F40+G39) -> #REF! | H40: =SUM(G40+H39) -> #REF! | I40: =SUM(H40+I39) -> #REF! | J40: =SUM(I40+J39) -> #REF! | K40: =SUM(J40+K39) -> #REF! | ... N40: =SUM(M40+N39) -> #REF!
B42: L'écart entre le plan de trésorerie annuel et mensuel provient des acomptes perçus
B44: T.V.A Fournisseurs à 19,7% | C44: =SUM(C25:C32)/(1+19.6%)*19.6% -> #REF! | D44: =SUM(D25:D32)/(1+19.6%)*19.6% -> #REF! | E44: =SUM(E25:E32)/(1+19.6%)*19.6% -> #REF! | F44: =SUM(F25:F32)/(1+19.6%)*19.6% -> #REF! | G44: =SUM(G25:G32)/(1+19.6%)*19.6% -> #REF! | H44: =SUM(H25:H32)/(1+19.6%)*19.6% -> #REF! | I44: =SUM(I25:I32)/(1+19.6%)*19.6% -> #REF! | J44: =SUM(J25:J32)/(1+19.6%)*19.6% -> #REF! | ... N44: =SUM(N25:N32)/(1+19.6%)*19.6% -> #REF! | O44: =SUM(C44:N44) -> #REF!
B45: Soldes cumulés Frs | C45: =C44 -> #REF! | D45: =C45+D44 -> #REF! | E45: =D45+E44 -> #REF! | F45: =E45+F44 -> #REF! | G45: =F45+G44 -> #REF! | H45: =G45+H44 -> #REF! | I45: =H45+I44 -> #REF! | J45: =I45+J44 -> #REF! | K45: =J45+K44 -> #REF! | ... N45: =M45+N44 -> #REF!
B46: 0.1204 | C46: 0 | D46: 0 | E46: 0 | F46: 807.68333 | G46: 807.68333 | H46: 1615.3667 | I46: 1615.3667 | J46: 1615.3667 | K46: 1615.3667 | L46: 2423.05 | M46: 2423.05 | N46: 2423.05 | O46: =SUM(C46:N46) -> 15345.983
B47: T.V.A pose à 7% | C47: =(C9-C8)*7% -> 0 | D47: =(D9-D8)*7% -> 0 | E47: =(E9-E8)*7% -> 0 | F47: =(F9-F8)*7% -> 70 | G47: =(G9-G8)*7% -> 70 | H47: =(H9-H8)*7% -> 140 | I47: =(I9-I8)*7% -> 140 | J47: =(J9-J8)*7% -> 140 | ... N47: =(N9-N8)*7% -> 210 | O47: =SUM(C47:N47) -> 1330
B48: Soldes cumulés Cl. | C48: =SUM(C46:C47) -> 0 | D48: =C48+SUM(D46:D47) -> 0 | E48: =D48+SUM(E46:E47) -> 0 | F48: =E48+SUM(F46:F47) -> 877.68333 | G48: =F48+SUM(G46:G47) -> 1755.3667 | H48: =G48+SUM(H46:H47) -> 3510.7333 | I48: =H48+SUM(I46:I47) -> 5266.1 | J48: =I48+SUM(J46:J47) -> 7021.4667 | K48: =J48+SUM(K46:K47) -> 8776.8333 | ... N48: =M48+SUM(N46:N47) -> 16675.983
B50: remarque 1 : | C50: Attention, s'il y a de la TVA 7 %, il faudrait aussi rajouter dans le calcul des flux de TVA, la CA de la pose
B51: remarque 2 : | C51: Les nouvelles dispositions exigent un facture pour tout acompte perçu donc avec TVA.

Sheet Bilan
A1: BILAN | T1: Prévision de trésorerie mensuelle (prévionnel)
B2: Tout ce qui appartient à l'entreprise, Biens et créances | G2: Tout ce que l'entreprise doit, Les dettes | V2: =YEAR(U4)&" - "&YEAR(U4)+1 -> 2016 - 2017
A3: Actif | B3: Année 3 | C3: Année 2 | D3: Année 1 (18 mois) | F3: Passif | G3: Année 3 | H3: Année 2 | I3: Année 1 (18 mois) | K3: Structure bilantielle | U3: Mois | V3: Mois 1 | W3: Mois 2 | X3: Mois 3 | Y3: Mois 4 | Z3: Mois 5 | AA3: Mois 6 | AB3: Mois 7 | AC3: Mois 8 | AD3: Mois 9 | AE3: Mois 10 | AF3: Mois 11 | AG3: Mois 12
B4: 42551 | C4: 42185 | D4: 41820 | F4: Passif | G4: =B4 -> 42551 | H4: =C4 -> 42185 | I4: =D4 -> 41820 | L4: =G4 -> 42551 | M4: % | N4: =H4 -> 42185 | O4: % | P4: =I4 -> 41820 | Q4: % | U4: =B4 -> 42551
A6: Immobilisations incorporelles | B6: 24000 | C6: 22000 | D6: 35000 | F6: Capital | G6: 100000 | H6: 100000 | I6: 100000 | K6: =F11 -> Capitaux propres | L6: =G11 -> 680000 | M6: =L6/$L$9 -> 0.81165925 | N6: =H11 -> 466034 | O6: =N6/$N$9 -> 0.66655701 | P6: =I11 -> 288324 | Q6: =P6/$P$9 -> 0.5022375 | T6: Stocks | U6: =B15 -> 400700 | V6: =+V$26*V27/360 -> 441145.83 | W6: =+W$26*W27/360 -> 443055.56 | X6: =+X$26*X27/360 -> 440451.39 | Y6: =+Y$26*Y27/360 -> 442187.5 | Z6: =+Z$26*Z27/360 -> 441840.28 | AA6: =+AA$26*AA27/360 -> 442395.83 | AB6: =+AB$26*AB27/360 -> 445000 | AC6: =+AC$26*AC27/360 -> 443090.28 | ... AG6: =+AG$26*AG27/360 -> 452708.33
A7: Immobilisations corporelles | B7: 24000 | C7: 20000 | D7: 20000 | F7: Réserves | G7: 60000 | H7: 60000 | I7: 60000 | K7: Provisions pour risques | L7: =G13 -> 5000 | M7: =L7/$L$9 -> 0.0059680827 | N7: =H13 -> 2000 | O7: =N7/$N$9 -> 0.002860551 | P7: =I13 -> 340 | Q7: =P7/$P$9 -> 0.00059225298 | T7: Créances clients | U7: =B17 -> 330400 | V7: =+V$26*V28/360*1.196 -> 474849.38 | W7: =+W$26*W28/360*1.196 -> 476905 | X7: =+X$26*X28/360*1.196 -> 474101.88 | Y7: =+Y$26*Y28/360*1.196 -> 475970.62 | Z7: =+Z$26*Z28/360*1.196 -> 475596.88 | AA7: =+AA$26*AA28/360*1.196 -> 476194.88 | AB7: =+AB$26*AB28/360*1.196 -> 478998 | AC7: =+AC$26*AC28/360*1.196 -> 476942.38 | ... AG7: =+AG$26*AG28/360*1.196 -> 487295.25
A8: Immobilisations financières | B8: 70000 | C8: 36000 | F8: Report à nouveau | G8: =+H8+H9 -> 306034 | H8: =+I8+I9 -> 128324 | I8: -25000 | K8: Dettes financières nettes de la trésorerie | L8: =G15+G16-B21-B22 -> 152790 | M8: =L8/$L$9 -> 0.18237267 | N8: =H15+H16-C21-C22 -> 231132 | O8: =N8/$N$9 -> 0.33058244 | P8: =I15+I16-D21-D22 -> 285415 | Q8: =P8/$P$9 -> 0.49717025 | T8: Dettes fournisseurs | U8: =-G18 -> -56400 | V8: =-V$26*V29/360*1.196 -> -316566.25 | W8: =-W$26*W29/360*1.196 -> -317936.67 | X8: =-X$26*X29/360*1.196 -> -316067.92 | Y8: =-Y$26*Y29/360*1.196 -> -317313.75 | Z8: =-Z$26*Z29/360*1.196 -> -317064.58 | AA8: =-AA$26*AA29/360*1.196 -> -317463.25 | AB8: =-AB$26*AB29/360*1.196 -> -319332 | AC8: =-AC$26*AC29/360*1.196 -> -317961.58 | ... AG8: =-AG$26*AG29/360*1.196 -> -324863.5
F9: Résultat de l'exercice | G9: 213966 | H9: 177710 | I9: 153324 | K9: Total capitaux employés | L9: =SUM(L6:L8) -> 837790 | M9: 1 | N9: =SUM(N6:N8) -> 699166 | O9: 1 | P9: =SUM(P6:P8) -> 574079 | Q9: 1 | T9: Investissement | U9: =SUM(B6:B8) -> 118000 | V9: 65000 | W9: 0 | X9: 0 | Y9: 0 | Z9: 0 | AA9: 0 | AB9: 0 | AC9: 0 | AD9: 45001 | AE9: 0 | AF9: 0 | AG9: 0
T10: Autres éléments du BFR | U10: =B16+B18+B24-G17-G19-G20-G24 -> 45090 | V10: =+V$26*V30/360 -> 88229.167 | W10: =+W$26*W30/360 -> 88611.111 | X10: =+X$26*X30/360 -> 88090.278 | Y10: =+Y$26*Y30/360 -> 88437.5 | Z10: =+Z$26*Z30/360 -> 88368.056 | AA10: =+AA$26*AA30/360 -> 88479.167 | AB10: =+AB$26*AB30/360 -> 89000 | AC10: =+AC$26*AC30/360 -> 88618.056 | ... AG10: =+AG$26*AG30/360 -> 90541.667
A11: Total Actif immobilisé | B11: =SUM(B6:B8) -> 118000 | C11: =SUM(C6:C8) -> 78000 | D11: =SUM(D6:D8) -> 55000 | F11: Capitaux propres | G11: =SUM(G6:G9) -> 680000 | H11: =SUM(H6:H9) -> 466034 | I11: =SUM(I6:I9) -> 288324 | K11: =A6 -> Immobilisations incorporelles | L11: =B6 -> 24000 | M11: =L11/$L$15 -> 0.028646797 | N11: =C6 -> 22000 | O11: =N11/$N$9 -> 0.031466061 | P11: =D6 -> 35000 | Q11: =P11/$P$9 -> 0.060967219 | T11: TOTAL BESOINS | U11: =SUM(U6:U10) -> 837790 | V11: =SUM(V6:V10) -> 752658.12 | W11: =SUM(W6:W10) -> 690635 | X11: =SUM(X6:X10) -> 686575.62 | Y11: =SUM(Y6:Y10) -> 689281.88 | Z11: =SUM(Z6:Z10) -> 688740.62 | AA11: =SUM(AA6:AA10) -> 689606.62 | AB11: =SUM(AB6:AB10) -> 693666 | ... AG11: =SUM(AG6:AG10) -> 705681.75
K12: =A7 -> Immobilisations corporelles | L12: =B7 -> 24000 | M12: =L12/$L$15 -> 0.028646797 | N12: =C7 -> 20000 | O12: =N12/$N$9 -> 0.02860551 | P12: =D7 -> 20000 | Q12: =P12/$P$9 -> 0.034838411
F13: Provisions pour risques | G13: 5000 | H13: 2000 | I13: 340 | K13: =A8 -> Immobilisations financières | L13: =B8 -> 70000 | M13: =L13/$L$15 -> 0.083553158 | N13: =C8 -> 36000 | O13: =N13/$N$9 -> 0.051489918 | P13: =D8 -> 0 | Q13: =P13/$P$9 -> 0 | T13: Fonds propres | U13: =G11 -> 680000 | V13: 450000 | W13: 450000 | X13: 450000 | Y13: 450000 | Z13: 450000 | AA13: 450000 | AB13: 450000 | AC13: 450000 | AD13: 450000 | AE13: 450000 | AF13: 450000 | AG13: 450000
K14: Besoin en fonds de roulement | L14: =SUM(B15:B18)+B24-SUM(G17:G24) -> 719790 | M14: =L14/$L$15 -> 0.85915325 | N14: =SUM(C15:C18)+C24-SUM(H17:H24) -> 621166 | O14: =N14/$N$9 -> 0.88843851 | P14: =SUM(D15:D18)+D24-SUM(I17:I24) -> 519079 | Q14: =P14/$P$9 -> 0.90419437 | T14: Dettes financières | U14: =G15+G16-G30+G13-G30 -> 140000 | V14: 250000 | W14: 250000 | X14: 250000 | Y14: 250000 | Z14: 250000 | AA14: 250000 | AB14: 250000 | AC14: 250000 | AD14: 250000 | AE14: 250000 | AF14: 250000 | AG14: 250000
A15: Stocks et en-cours | B15: 400700 | C15: 380657 | D15: 320675 | F15: Emprunts et dettes auprès des établissements de crédit (1) | G15: 15000 | H15: 24588 | I15: 35689 | K15: Total emplois à financer | L15: =SUM(L11:L14) -> 837790 | M15: 1 | N15: =SUM(N11:N14) -> 699166 | O15: 1 | P15: =SUM(P11:P14) -> 574079 | Q15: 1 | T15: TOTAL RESSOURCES LT | U15: =SUM(U13:U14) -> 820000 | V15: =SUM(V13:V14) -> 700000 | W15: =SUM(W13:W14) -> 700000 | X15: =SUM(X13:X14) -> 700000 | Y15: =SUM(Y13:Y14) -> 700000 | Z15: =SUM(Z13:Z14) -> 700000 | AA15: =SUM(AA13:AA14) -> 700000 | AB15: =SUM(AB13:AB14) -> 700000 | ... AG15: =SUM(AG13:AG14) -> 700000
A16: Avances et comptes versés | B16: 10300 | C16: 6170 | D16: 3940 | F16: Dettes financières | G16: 150000 | H16: 221457 | I16: 255964 | T16: Escomptes, concours bancaires | U16: =G30 -> 15000 | V16: 25675 | W16: 31000 | X16: 35000 | Y16: 28000 | Z16: 37000 | AA16: 26000 | AB16: 21000 | AC16: 36470 | AD16: 45600 | AE16: 34908 | AF16: 34500 | AG16: 24870
A17: Clients et comptes rattachés | B17: 330400 | C17: 428234 | D17: 396543 | F17: Avances et acomptes reçus sur commande | G17: 333 | H17: 1164 | I17: 7848 | K17: Ecart | L17: =L9-L15 -> 0 | M17: =M9-M15 -> 0 | N17: =N9-N15 -> 0 | O17: =O9-O15 -> 0 | P17: =P9-P15 -> 0 | Q17: =Q9-Q15 -> 0 | T17: TOTAL RESSOURCES | U17: =SUM(U15:U16) -> 835000 | V17: =SUM(V15:V16) -> 725675 | W17: =SUM(W15:W16) -> 731000 | X17: =SUM(X15:X16) -> 735000 | Y17: =SUM(Y15:Y16) -> 728000 | Z17: =SUM(Z15:Z16) -> 737000 | AA17: =SUM(AA15:AA16) -> 726000 | AB17: =SUM(AB15:AB16) -> 721000 | ... AG17: =SUM(AG15:AG16) -> 724870
A18: Autres Créances | B18: 34000 | C18: 27840 | D18: 16679 | F18: Dettes fournisseurs | G18: 56400 | H18: 220125 | I18: 202187
F19: Dettes fiscales et sociales | G19: 4456 | H19: 5689 | I19: 8789 | K19: Principaux ratios et délais | T19: TRESORERIE | U19: =U17-U11 -> -2790 | V19: =V17-V11 -> -26983.125 | W19: =W17-W11 -> 40365 | X19: =X17-X11 -> 48424.375 | Y19: =Y17-Y11 -> 38718.125 | Z19: =Z17-Z11 -> 48259.375 | AA19: =AA17-AA11 -> 36393.375 | AB19: =AB17-AB11 -> 27334 | ... AG19: =AG17-AG11 -> 19188.25
F20: Autres dettes | G20: 451 | H20: 402 | I20: 22
A21: Valeurs mobilières de placement | B21: 5000 | C21: 8568 | D21: 800 | K21: Principaux ratios et délais | L21: =L4 -> 42551 | N21: =N4 -> 42185 | P21: =P4 -> 41820
A22: Disponibilités | B22: 7210 | C22: 6345 | D22: 5438 | V22: Mois 1 | W22: Mois 2 | X22: Mois 3 | Y22: Mois 4 | Z22: Mois 5 | AA22: Mois 6 | AB22: Mois 7 | AC22: Mois 8 | AD22: Mois 9 | AE22: Mois 10 | AF22: Mois 11 | AG22: Mois 12
K23: Taux d'endettement % | U23: Cumul annuel
A24: Charges constatées d'avance | B24: 6790 | C24: 5679 | D24: 657 | F24: Produits constatés d'avance | G24: 760 | H24: 34 | I24: 569 | T24: Chiffre d'affaires N-1 | U24: =SUM(V24:AG24) -> 1579625 | V24: 137500 | W24: 140625 | X24: 139375 | Y24: 121875 | Z24: 138750 | AA24: 128000 | AB24: 128125 | AC24: 123750 | AD24: 130000 | AE24: 131000 | AF24: 120000 | AG24: 140625
K25: Emprunts et dettes financières | L25: =L8 -> 152790 | M25: =L25/L26 -> 0.22469118 | N25: =N8 -> 231132 | O25: =N25/N26 -> 0.49595523 | P25: =P8 -> 285415 | Q25: =P25/P26 -> 0.98991066 | T25: Chiffre d'affaires | U25: =SUM(V25:AG25) -> 1629750 | V25: 146000 | W25: 147500 | X25: 130000 | Y25: 128125 | Z25: 137500 | AA25: 130000 | AB25: 137500 | AC25: 116875 | AD25: 137500 | AE25: 137500 | AF25: 128125 | AG25: 153125
A26: Total actif circulant | B26: =SUM(B15:B24) -> 794400 | C26: =SUM(C15:C24) -> 863493 | D26: =SUM(D15:D24) -> 744732 | F26: Total Dettes | G26: =SUM(G15:G25) -> 227400 | H26: =SUM(H15:H25) -> 473459 | I26: =SUM(I15:I25) -> 511068 | K26: Capitaux propres | L26: =L6 -> 680000 | N26: =N6 -> 466034 | P26: =P6 -> 288324 | T26: Chiffre d'affaires glissant 12 mois | V26: =$U$24-V24+V25 -> 1588125 | W26: =V26-W24+W25 -> 1595000 | X26: =W26-X24+X25 -> 1585625 | Y26: =X26-Y24+Y25 -> 1591875 | Z26: =Y26-Z24+Z25 -> 1590625 | AA26: =Z26-AA24+AA25 -> 1592625 | AB26: =AA26-AB24+AB25 -> 1602000 | AC26: =AB26-AC24+AC25 -> 1595125 | AD26: =AC26-AD24+AD25 -> 1602625 | ... AG26: =AF26-AG24+AG25 -> 1629750
M27: =+IF(M25<30%,"BON",IF(M25<49%,"MOYEN",IF(M25<80%,"FAIBLE","RISQUE"))) -> BON | O27: =+IF(O25<30%,"BON",IF(O25<49%,"MOYEN",IF(O25<80%,"FAIBLE","RISQUE"))) -> FAIBLE | Q27: =+IF(Q25<30%,"BON",IF(Q25<49%,"MOYEN",IF(Q25<80%,"FAIBLE","RISQUE"))) -> RISQUE | T27: Stocks ( nombres de jours de CA) | V27: 100 | W27: =V27 -> 100 | X27: =W27 -> 100 | Y27: =X27 -> 100 | Z27: =Y27 -> 100 | AA27: =Z27 -> 100 | AB27: =AA27 -> 100 | AC27: =AB27 -> 100 | AD27: =AC27 -> 100 | ... AG27: =AF27 -> 100
A28: Total Actif | B28: =B11+B26 -> 912400 | C28: =C11+C26 -> 941493 | D28: =D11+D26 -> 799732 | F28: Total Passif | G28: =+G26+G13+G11 -> 912400 | H28: =+H26+H13+H11 -> 941493 | I28: =+I26+I13+I11 -> 799732 | T28: Créances clients | V28: 90 | W28: =V28 -> 90 | X28: =W28 -> 90 | Y28: =X28 -> 90 | Z28: =Y28 -> 90 | AA28: =Z28 -> 90 | AB28: =AA28 -> 90 | AC28: =AB28 -> 90 | AD28: =AC28 -> 90 | ... AG28: =AF28 -> 90
K29: Couverture des intérêts | T29: Fournisseurs d'exploitation | V29: 60 | W29: =V29 -> 60 | X29: =W29 -> 60 | Y29: =X29 -> 60 | Z29: =Y29 -> 60 | AA29: =Z29 -> 60 | AB29: =AA29 -> 60 | AC29: =AB29 -> 60 | AD29: =AC29 -> 60 | ... AG29: =AF29 -> 60
F30: (1) Dont découverts bancaires | G30: 15000 | H30: 23588 | I30: 5689 | T30: Autres éléments du BFR | V30: 20 | W30: =V30 -> 20 | X30: =W30 -> 20 | Y30: =X30 -> 20 | Z30: =Y30 -> 20 | AA30: =Z30 -> 20 | AB30: =AA30 -> 20 | AC30: =AB30 -> 20 | AD30: =AC30 -> 20 | ... AG30: =AF30 -> 20
K31: =K54 -> Excédent Brut d'exploitation | L31: =L54 -> 390000 | M31: =L31/L32 -> 97.5 | N31: =N54 -> 320000 | O31: =N31/N32 -> 35.555556 | P31: =P54 -> 210000 | Q31: =P31/P32 -> 11.052632
K32: =K55 -> Intérêt des emprunts | L32: =L55 -> 4000 | N32: =N55 -> 9000 | P32: =P55 -> 19000
A33: Variation du Besoin en fonds de roulement | M33: =+IF(M31>8,"BON",IF(M31>4.99,"MOYEN",IF(M31>1,"FAIBLE","RISQUE"))) -> BON | O33: =+IF(O31>8,"BON",IF(O31>4.99,"MOYEN",IF(O31>1,"FAIBLE","RISQUE"))) -> BON | Q33: =+IF(Q31>8,"BON",IF(Q31>4.99,"MOYEN",IF(Q31>1,"FAIBLE","RISQUE"))) -> BON | V33: BFR normatif
K34: Autonomie %
A35: Besoin en fonds de roulement | B35: =B4 -> 42551 | C35: =C4 -> 42185 | D35: =D4 -> 41820 | T35: Suivi trésorerie mensuelle (réel)
K36: =K60 -> Capacité d'autofinancement (CAF) | L36: =L60 -> 223466 | M36: =L36/L37 -> 1.4625695 | N36: =N60 -> 187380 | O36: =N36/N37 -> 0.81070557 | P36: =P60 -> 160924 | Q36: =P36/P37 -> 0.56382461 | V36: =YEAR(U38)&" - "&YEAR(U38)+1 -> 2016 - 2017
A37: Variation Stocks | B37: =B15-C15 -> 20043 | C37: =C15-D15 -> 59982 | E37: Supprimer 2014 | K37: =K25 -> Emprunts et dettes financières | L37: =L25 -> 152790 | N37: =N25 -> 231132 | P37: =P25 -> 285415 | U37: Mois | V37: Mois 1 | W37: Mois 2 | X37: Mois 3 | Y37: Mois 4 | Z37: Mois 5 | AA37: Mois 6 | AB37: Mois 7 | AC37: Mois 8 | AD37: Mois 9 | AE37: Mois 10 | AF37: Mois 11 | AG37: Mois 12
A38: Variation Avances et acomptes versés | B38: =B16-C16 -> 4130 | C38: =C16-D16 -> 2230 | M38: =+IF(M36>55%,"BON",IF(M36>6.9%,"MOYEN",IF(M36>2%,"FAIBLE","RISQUE"))) -> BON | O38: =+IF(O36>55%,"BON",IF(O36>6.9%,"MOYEN",IF(O36>2%,"FAIBLE","RISQUE"))) -> BON | Q38: =+IF(Q36>55%,"BON",IF(Q36>6.9%,"MOYEN",IF(Q36>2%,"FAIBLE","RISQUE"))) -> BON | U38: =B4 -> 42551
A39: Variation Créances clients | B39: =B17-C17 -> -97834 | C39: =C17-D17 -> 31691
A40: Variation Autres Créances | B40: =B18-C18 -> 6160 | C40: =C18-D18 -> 11161 | T40: Stocks | U40: =U6 -> 400700 | V40: 450000 | W40: 420000 | X40: 440000 | Y40: 450000 | Z40: 450000 | AA40: 430000 | AB40: 500000 | AC40: 390000 | AD40: 390000 | AE40: 370000 | AF40: 390000 | AG40: 440000
A41: Variation Charges constatées d'avance | B41: =B24-C24 -> 1111 | C41: =C24-D24 -> 5022 | K41: Stocks (nombre de jours /CA) | L41: =L63/(L$62/360) -> 88.309351 | N41: =N63/(N$62/360) -> 86.752565 | P41: =P63/(P$62/360) -> 82.459286 | T41: Créances clients | U41: =U7 -> 330400 | V41: 350000 | W41: 400000 | X41: 410000 | Y41: 400000 | Z41: 423000 | AA41: 400000 | AB41: 401000 | AC41: 385000 | AD41: 402000 | AE41: 405000 | AF41: 410000 | AG41: 402000
A42: Variation Actif Circulant | B42: =SUM(B37:B41) -> -66390 | C42: =SUM(C37:C41) -> 110086 | T42: Dettes fournisseurs | U42: =U8 -> -56400 | V42: =-250000 -> -250000 | W42: =-265000 -> -265000 | X42: =-270000 -> -270000 | Y42: =-250000 -> -250000 | Z42: =-260000 -> -260000 | AA42: =-259000 -> -259000 | AB42: =-224000 -> -224000 | AC42: =-266000 -> -266000 | AD42: =-251000 -> -251000 | AE42: =-256000 -> -256000 | AF42: =-270000 -> -270000 | AG42: =-285000 -> -285000
K43: Délai de paiement des clients (nombre de jours /CA) | L43: =L64/(L$62*1.196/360) -> 60.883023 | N43: =N64/(N$62*1.196/360) -> 81.601561 | P43: =P64/(P$62*1.196/360) -> 85.257692 | T43: Investissements | U43: =U9 -> 118000 | V43: 65000 | W43: =-W$29*W65/360 -> 0 | X43: =-X$29*X65/360 -> 0 | Y43: =-Y$29*Y65/360 -> 0 | Z43: =-Z$29*Z65/360 -> 0 | AA43: 7600 | AB43: =-AB$29*AB65/360 -> 0 | AC43: =-AC$29*AC65/360 -> 0 | AD43: 56000 | AE43: =-AE$29*AE65/360 -> 0 | AF43: =-AF$29*AF65/360 -> 0 | AG43: =-AG$29*AG65/360 -> 0
A44: Variation Avances et acomptes reçus | B44: =G17-H17 -> -831 | C44: =H17-I17 -> -6684 | T44: Autres éléments du BFR | U44: =U10 -> 45090 | V44: =90000 -> 90000 | W44: =88000 -> 88000 | X44: 86000 | Y44: 67000 | Z44: 51000 | AA44: 89000 | AB44: 10000 | AC44: 85000 | AD44: 46000 | AE44: 91000 | AF44: 65000 | AG44: 92000
A45: Variation Dettes fournisseurs | B45: =G18-H18 -> -163725 | C45: =H18-I18 -> 17938 | K45: Délai de paiement des fournisseurs (nombre de jours /CA) | L45: =L65/(L$62*1.196/360) -> 10.392865 | N45: =N65/(N$62*1.196/360) -> 41.945627 | P45: =P65/(P$62*1.196/360) -> 43.470688 | T45: TOTAL BESOINS | U45: =SUM(U40:U44) -> 837790 | V45: =SUM(V40:V44) -> 705000 | W45: =SUM(W40:W44) -> 643000 | X45: =SUM(X40:X44) -> 666000 | Y45: =SUM(Y40:Y44) -> 667000 | Z45: =SUM(Z40:Z44) -> 664000 | AA45: =SUM(AA40:AA44) -> 667600 | AB45: =SUM(AB40:AB44) -> 687000 | ... AG45: =SUM(AG40:AG44) -> 649000
A46: Variation Dettes sociales et fiscales | B46: =G19-H19 -> -1233 | C46: =H19-I19 -> -3100
A47: Variation Autres dettes | B47: =G20-H20 -> 49 | C47: =H20-I20 -> 380 | T47: Fonds propres | U47: =U13 -> 680000 | V47: 450000 | W47: 450000 | X47: 450000 | Y47: 450000 | Z47: 450000 | AA47: 450000 | AB47: 450000 | AC47: 450000 | AD47: 450000 | AE47: 450000 | AF47: 450000 | AG47: 450000
A48: =F24 -> Produits constatés d'avance | B48: =G24-H24 -> 726 | C48: =H24-I24 -> -535 | T48: Dettes financières | U48: =U14 -> 140000 | V48: 250000 | W48: 250000 | X48: 250000 | Y48: 250000 | Z48: 250000 | AA48: 250000 | AB48: 250000 | AC48: 250000 | AD48: 250000 | AE48: 250000 | AF48: 250000 | AG48: 250000
A49: Variation Passif circulant | B49: =SUM(B44:B48) -> -165014 | C49: =SUM(C44:C48) -> 7999 | T49: TOTAL RESSOURCES LT | U49: =SUM(U47:U48) -> 820000 | V49: =SUM(V47:V48) -> 700000 | W49: =SUM(W47:W48) -> 700000 | X49: =SUM(X47:X48) -> 700000 | Y49: =SUM(Y47:Y48) -> 700000 | Z49: =SUM(Z47:Z48) -> 700000 | AA49: =SUM(AA47:AA48) -> 700000 | AB49: =SUM(AB47:AB48) -> 700000 | ... AG49: =SUM(AG47:AG48) -> 700000
T50: Escomptes, concours bancaires | U50: =U16 -> 15000 | V50: 46000 | W50: 31000 | X50: 56000 | Y50: 28000 | Z50: 37000 | AA50: 26000 | AB50: 21000 | AC50: 36470 | AD50: 45600 | AE50: 46000 | AF50: 34500 | AG50: 24870
A51: Variation Besoin en Fond de roulement | B51: =B42-B49 -> 98624 | C51: =C42-C49 -> 102087 | L51: =L4 -> 42551 | N51: =N4 -> 42185 | P51: =P4 -> 41820 | T51: TOTAL RESSOURCES | U51: =SUM(U49:U50) -> 835000 | V51: =SUM(V49:V50) -> 746000 | W51: =SUM(W49:W50) -> 731000 | X51: =SUM(X49:X50) -> 756000 | Y51: =SUM(Y49:Y50) -> 728000 | Z51: =SUM(Z49:Z50) -> 737000 | AA51: =SUM(AA49:AA50) -> 726000 | AB51: =SUM(AB49:AB50) -> 721000 | ... AG51: =SUM(AG49:AG50) -> 724870
A53: Contrôle variation BFR | B53: =L14-N14 -> 98624 | C53: =N14-P14 -> 102087 | T53: TRESORERIE | U53: =U51-U45 -> -2790 | V53: =V51-V45 -> 41000 | W53: =W51-W45 -> 88000 | X53: =X51-X45 -> 90000 | Y53: =Y51-Y45 -> 61000 | Z53: =Z51-Z45 -> 73000 | AA53: =AA51-AA45 -> 58400 | AB53: =AB51-AB45 -> 34000 | ... AG53: =AG51-AG45 -> 75870
A54: Ecart | B54: =+B51-B53 -> 0 | C54: =+C51-C53 -> 0 | K54: Excédent Brut d'exploitation | L54: 390000 | N54: 320000 | P54: 210000
K55: Intérêt des emprunts | L55: 4000 | N55: 9000 | P55: 19000
K57: Résultat net | L57: =G9 -> 213966 | N57: =H9 -> 177710 | P57: =I9 -> 153324 | U57: Cumul annuel
K58: Dotation aux amortissements et provisions | L58: 5000 | N58: 4800 | P58: 3500 | T58: Chiffre d'affaires N-1 | U58: =SUM(V58:AG58) -> 1579625 | V58: =V24 -> 137500 | W58: =W24 -> 140625 | X58: =X24 -> 139375 | Y58: =Y24 -> 121875 | Z58: =Z24 -> 138750 | AA58: =AA24 -> 128000 | AB58: =AB24 -> 128125 | AC58: =AC24 -> 123750 | ... AG58: =AG24 -> 140625
K59: Reprise de provisions et amortissements | L59: 4500 | N59: 4870 | P59: 4100 | T59: Chiffre d'affaires | U59: =SUM(V59:AG59) -> 1633485 | V59: 149000 | W59: 157500 | X59: 131000 | Y59: 128000 | Z59: 137500 | AA59: 135000 | AB59: 137500 | AC59: 113875 | AD59: 127500 | AE59: 134500 | AF59: 128125 | AG59: 153985
K60: Capacité d'autofinancement (CAF) | L60: =SUM(L57:L59) -> 223466 | N60: =SUM(N57:N59) -> 187380 | P60: =SUM(P57:P59) -> 160924 | T60: Chiffre d'affaires glissant 12 mois | V60: =$U$58-V58+V59 -> 1591125 | W60: =V60-W58+W59 -> 1608000 | X60: =W60-X58+X59 -> 1599625 | Y60: =X60-Y58+Y59 -> 1605750 | Z60: =Y60-Z58+Z59 -> 1604500 | AA60: =Z60-AA58+AA59 -> 1611500 | AB60: =AA60-AB58+AB59 -> 1620875 | AC60: =AB60-AC58+AC59 -> 1611000 | AD60: =AC60-AD58+AD59 -> 1608500 | ... AG60: =AF60-AG58+AG59 -> 1633485
T61: Stocks ( nombres de jours de CA) | V61: =+V40/$V$60*360 -> 101.81475 | W61: =+W40/$V$60*360 -> 95.027103 | X61: =+X40/$V$60*360 -> 99.552204 | Y61: =+Y40/$V$60*360 -> 101.81475 | Z61: =+Z40/$V$60*360 -> 101.81475 | AA61: =+AA40/$V$60*360 -> 97.289654 | AB61: =+AB40/$V$60*360 -> 113.1275 | AC61: =+AC40/$V$60*360 -> 88.239453 | ... AG61: =+AG40/$V$60*360 -> 99.552204
K62: Chiffre d'affaires | L62: =U59 -> 1633485 | N62: =U58 -> 1579625 | P62: 1400000 | T62: Créances clients | V62: =+V41/($V$60*1.196)*360 -> 66.21175 | W62: =+W41/($V$60*1.196)*360 -> 75.670571 | X62: =+X41/($V$60*1.196)*360 -> 77.562336 | Y62: =+Y41/($V$60*1.196)*360 -> 75.670571 | Z62: =+Z41/($V$60*1.196)*360 -> 80.021629 | AA62: =+AA41/($V$60*1.196)*360 -> 75.670571 | AB62: =+AB41/($V$60*1.196)*360 -> 75.859748 | AC62: =+AC41/($V$60*1.196)*360 -> 72.832925 | ... AG62: =+AG41/($V$60*1.196)*360 -> 76.048924
K63: Stocks | L63: =B15 -> 400700 | N63: =C15 -> 380657 | P63: =D15 -> 320675 | T63: Fournisseurs d'exploitation | V63: =+V42/($V$60*1.196)*360 -> -47.294107 | W63: =+W42/($V$60*1.196)*360 -> -50.131753 | X63: =+X42/($V$60*1.196)*360 -> -51.077636 | Y63: =+Y42/($V$60*1.196)*360 -> -47.294107 | Z63: =+Z42/($V$60*1.196)*360 -> -49.185871 | AA63: =+AA42/($V$60*1.196)*360 -> -48.996695 | AB63: =+AB42/($V$60*1.196)*360 -> -42.37552 | AC63: =+AC42/($V$60*1.196)*360 -> -50.32093 | ... AG63: =+AG42/($V$60*1.196)*360 -> -53.915282
K64: Clients | L64: =B17 -> 330400 | N64: =C17 -> 428234 | P64: =D17 -> 396543 | T64: Autres éléments du BFR | V64: =+V44/$V$60*360 -> 20.362951 | W64: =+W44/$V$60*360 -> 19.910441 | X64: =+X44/$V$60*360 -> 19.457931 | Y64: =+Y44/$V$60*360 -> 15.159086 | Z64: =+Z44/$V$60*360 -> 11.539005 | AA64: =+AA44/$V$60*360 -> 20.136696 | AB64: =+AB44/$V$60*360 -> 2.2625501 | AC64: =+AC44/$V$60*360 -> 19.231676 | ... AG64: =+AG44/$V$60*360 -> 20.815461
K65: Dettes fournisseurs | L65: =G18 -> 56400 | N65: =H18 -> 220125 | P65: =I18 -> 202187

Sheet Stocks
A1: Gestion des stocks

Sheet Base de données
M1: Paiement
A2: Catégorie | B2: Local pro | C2: Transport | D2: Affaires | E2: Franchise | F2: Opérations bancaires | G2: Assu / Complémentaires | H2: Salaire | I2: Impôts et taxes | J2: Autres frais | K2: Sans catégorie | M2: Mode de paiement | N2: Méthode
A3: Sous-catégorie | B3: Achat / Prêt Logement | C3: Indemnités KM | D3: Client | E3: Franchiseur | F3: Solde initial | G3: Frais médicaux | H3: Rémunération | I3: IS | J3: Création | K3: Sans catégorie | M3: CB | N3: Caisse - Guichet
B4: Déménagement | C4: Achat / Prêt Auto | D4: Fournisseur | E4: Séminaire | F4: Ouverture de compte | G4: Sécurité sociale (RSI) | H4: Revenus Annexes | I4: TVA | J4: Honoraires | M4: Chèque | N4: Courrier
B5: Loyer | C5: Assurance | D5: Sout-traitant | E5: Autre | F5: Cloture de compte | G5: RC Pro | I5: Autres | J5: Communication | M5: Espèces | N5: Internet
B6: Internet / Téléphonie | C6: Equipement / Réparations | F6: Epargne retraite | G6: Santé / Prévoyance | J6: Restaurant | M6: Virement | N6: E-mail
B7: Electricité - Gaz | C7: Public / Taxi / Location | F7: Apport capital | G7: Retraite | J7: Frais de déplacement | M7: Prélèvement | N7: Téléphone
B8: Maintenance info. | C8: Parking / Péage | F8: Apport compte courant | G8: Autre | J8: Affranchissement | M8: LCR | N8: Automatique
B9: Informatique | C9: Autre | F9: Prêt | J9: Formation | M9: Autorisation prélèvement | N9: Banque
B10: Mobilier | F10: Transfert | M10: Transfert
B11: Equipement | F11: Retrait | M11: TIP
B12: Fournitures | F12: Frais
B13: Abonnements | F13: Intérêts
B14: Assurance
B15: Remboursement
